Workbook

Sheet P&L Class_FY
G1: 2014 | Q1: 2015 | S1: 2014 | AM1: MMfS Labour Efficiency | AO1: Rabo Field Day | AQ1: Animal Health Seminar | AS1: Lyn Sykes | AU1: Working Dog School May 14 | AW1: Seasonal Updates - DA | BC1: 2014 | BG1: Wether Trial 2014
E2: Benchmarking H & S | G2: (AGM) | I2: Total AGM | K2: Top Pastures & Crop Group | M2: MLA Participatory Research | O2: Bank Fees | Q2: (MFS Apprentice Program) | S2: (MFS Apprentice Program) | U2: Total MFS Apprentice Program | W2: MLA PDS Fert Project | Y2: Soil Club | AA2: MFS Website | AC2: Board Meetings | AE2: PDS LMY Project | AG2: Bank Intrest | AI2: Woolworths_Landcare_Soil Club | AK2: Action on Ground - Soil Carbon | AM2: (Events) | AO2: (Events) | AQ2: (Events) | AS2: (Events) | AU2: (Events) | AW2: (Events) | AY2: Total Events | BA2: Subscriptions | BC2: (Membership) | BE2: Total Membership | BG2: (Monaro Mums Project) | BI2: Total Monaro Mums Project | BK2: Project Officer | BM2: Sponsorship 2014 | BO2: TOTAL
B3: Income
C4: Membership | E4: 0 | G4: 0 | I4: ='P&L Class_FY'!G4 -> 0 | K4: 0 | M4: 0 | O4: 0 | Q4: 0 | S4: 0 | U4: =ROUND(SUM('P&L Class_FY'!Q4:'P&L Class_FY'!S4),5) -> 0 | W4: 0 | Y4: 0 | AA4: 0 | AC4: 0 | AE4: 0 | AG4: 0 | AI4: 0 | AK4: 0 | AM4: 0 | AO4: 0 | AQ4: 0 | AS4: 0 | AU4: 0 | AW4: 0 | AY4: =ROUND(SUM('P&L Class_FY'!AM4:'P&L Class_FY'!AW4),5) -> 0 | BA4: 0 | BC4: 700 | BE4: ='P&L Class_FY'!BC4 -> 700 | BG4: 0 | BI4: ='P&L Class_FY'!BG4 -> 0 | BK4: 0 | BM4: 0 | BO4: =ROUND('P&L Class_FY'!E4+SUM('P&L Class_FY'!I4:'P&L Class_FY'!O4)+SUM('P&L Class_FY'!U4:'P&L Class_FY'!AK4)+SUM('P&L Class_FY'!AY4:'P&L Class_FY'!BA4)+'P&L Class_FY'!BE4+SUM('P&L Class_FY'!BI4:'P&L Class_FY'!BM4),5) -> 700
C5: Other Industry Grants | E5: 0 | G5: 0 | I5: ='P&L Class_FY'!G5 -> 0 | K5: 0 | M5: 10000 | O5: 0 | Q5: 0 | S5: 2000 | U5: =ROUND(SUM('P&L Class_FY'!Q5:'P&L Class_FY'!S5),5) -> 2000 | W5: 0 | Y5: 0 | AA5: 0 | AC5: 0 | AE5: 3310 | AG5: 0 | AI5: 0 | AK5: 0 | AM5: 5000 | AO5: 0 | AQ5: 0 | AS5: 0 | AU5: 0 | AW5: 0 | AY5: =ROUND(SUM('P&L Class_FY'!AM5:'P&L Class_FY'!AW5),5) -> 5000 | BA5: 0 | BC5: 0 | BE5: ='P&L Class_FY'!BC5 -> 0 | BG5: 0 | BI5: ='P&L Class_FY'!BG5 -> 0 | BK5: 30000 | BM5: 0 | BO5: =ROUND('P&L Class_FY'!E5+SUM('P&L Class_FY'!I5:'P&L Class_FY'!O5)+SUM('P&L Class_FY'!U5:'P&L Class_FY'!AK5)+SUM('P&L Class_FY'!AY5:'P&L Class_FY'!BA5)+'P&L Class_FY'!BE5+SUM('P&L Class_FY'!BI5:'P&L Class_FY'!BM5),5) -> 50310
C6: Sponsorship | E6: 0 | G6: 0 | I6: ='P&L Class_FY'!G6 -> 0 | K6: 0 | M6: 0 | O6: 0 | Q6: 0 | S6: 0 | U6: =ROUND(SUM('P&L Class_FY'!Q6:'P&L Class_FY'!S6),5) -> 0 | W6: 0 | Y6: 0 | AA6: 0 | AC6: 0 | AE6: 0 | AG6: 0 | AI6: 0 | AK6: 0 | AM6: 0 | AO6: 0 | AQ6: 0 | AS6: 0 | AU6: 0 | AW6: 0 | AY6: =ROUND(SUM('P&L Class_FY'!AM6:'P&L Class_FY'!AW6),5) -> 0 | BA6: 0 | BC6: 0 | BE6: ='P&L Class_FY'!BC6 -> 0 | BG6: 0 | BI6: ='P&L Class_FY'!BG6 -> 0 | BK6: 0 | BM6: 1000 | BO6: =ROUND('P&L Class_FY'!E6+SUM('P&L Class_FY'!I6:'P&L Class_FY'!O6)+SUM('P&L Class_FY'!U6:'P&L Class_FY'!AK6)+SUM('P&L Class_FY'!AY6:'P&L Class_FY'!BA6)+'P&L Class_FY'!BE6+SUM('P&L Class_FY'!BI6:'P&L Class_FY'!BM6),5) -> 1000
C7: 4-0200 · Bank Intrest | E7: 0 | G7: 0 | I7: ='P&L Class_FY'!G7 -> 0 | K7: 0 | M7: 0 | O7: 0 | Q7: 0 | S7: 0 | U7: =ROUND(SUM('P&L Class_FY'!Q7:'P&L Class_FY'!S7),5) -> 0 | W7: 0 | Y7: 0 | AA7: 0 | AC7: 0 | AE7: 0 | AG7: 707.97 | AI7: 0 | AK7: 0 | AM7: 0 | AO7: 0 | AQ7: 0 | AS7: 0 | AU7: 0 | AW7: 0 | AY7: =ROUND(SUM('P&L Class_FY'!AM7:'P&L Class_FY'!AW7),5) -> 0 | BA7: 0 | BC7: 0 | BE7: ='P&L Class_FY'!BC7 -> 0 | BG7: 0 | BI7: ='P&L Class_FY'!BG7 -> 0 | BK7: 0 | BM7: 0 | BO7: =ROUND('P&L Class_FY'!E7+SUM('P&L Class_FY'!I7:'P&L Class_FY'!O7)+SUM('P&L Class_FY'!U7:'P&L Class_FY'!AK7)+SUM('P&L Class_FY'!AY7:'P&L Class_FY'!BA7)+'P&L Class_FY'!BE7+SUM('P&L Class_FY'!BI7:'P&L Class_FY'!BM7),5) -> 707.97
C8: 4-0400 · Reimbursed Expenses | E8: 0 | G8: 0 | I8: ='P&L Class_FY'!G8 -> 0 | K8: 0 | M8: 0 | O8: 0 | Q8: 0 | S8: 0 | U8: =ROUND(SUM('P&L Class_FY'!Q8:'P&L Class_FY'!S8),5) -> 0 | W8: 0 | Y8: 0 | AA8: 0 | AC8: 0 | AE8: 0 | AG8: 0 | AI8: 0 | AK8: 0 | AM8: 0 | AO8: 1281 | AQ8: 0 | AS8: 0 | AU8: 0 | AW8: 0 | AY8: =ROUND(SUM('P&L Class_FY'!AM8:'P&L Class_FY'!AW8),5) -> 1281 | BA8: 0 | BC8: 0 | BE8: ='P&L Class_FY'!BC8 -> 0 | BG8: 0 | BI8: ='P&L Class_FY'!BG8 -> 0 | BK8: 0 | BM8: 0 | BO8: =ROUND('P&L Class_FY'!E8+SUM('P&L Class_FY'!I8:'P&L Class_FY'!O8)+SUM('P&L Class_FY'!U8:'P&L Class_FY'!AK8)+SUM('P&L Class_FY'!AY8:'P&L Class_FY'!BA8)+'P&L Class_FY'!BE8+SUM('P&L Class_FY'!BI8:'P&L Class_FY'!BM8),5) -> 1281
B9: Total Income | E9: =ROUND(SUM('P&L Class_FY'!E3:'P&L Class_FY'!E8),5) -> 0 | G9: =ROUND(SUM('P&L Class_FY'!G3:'P&L Class_FY'!G8),5) -> 0 | I9: ='P&L Class_FY'!G9 -> 0 | K9: =ROUND(SUM('P&L Class_FY'!K3:'P&L Class_FY'!K8),5) -> 0 | M9: =ROUND(SUM('P&L Class_FY'!M3:'P&L Class_FY'!M8),5) -> 10000 | O9: =ROUND(SUM('P&L Class_FY'!O3:'P&L Class_FY'!O8),5) -> 0 | Q9: =ROUND(SUM('P&L Class_FY'!Q3:'P&L Class_FY'!Q8),5) -> 0 | S9: =ROUND(SUM('P&L Class_FY'!S3:'P&L Class_FY'!S8),5) -> 2000 | U9: =ROUND(SUM('P&L Class_FY'!Q9:'P&L Class_FY'!S9),5) -> 2000 | W9: =ROUND(SUM('P&L Class_FY'!W3:'P&L Class_FY'!W8),5) -> 0 | Y9: =ROUND(SUM('P&L Class_FY'!Y3:'P&L Class_FY'!Y8),5) -> 0 | AA9: =ROUND(SUM('P&L Class_FY'!AA3:'P&L Class_FY'!AA8),5) -> 0 | AC9: =ROUND(SUM('P&L Class_FY'!AC3:'P&L Class_FY'!AC8),5) -> 0 | AE9: =ROUND(SUM('P&L Class_FY'!AE3:'P&L Class_FY'!AE8),5) -> 3310 | AG9: =ROUND(SUM('P&L Class_FY'!AG3:'P&L Class_FY'!AG8),5) -> 707.97 | AI9: =ROUND(SUM('P&L Class_FY'!AI3:'P&L Class_FY'!AI8),5) -> 0 | AK9: =ROUND(SUM('P&L Class_FY'!AK3:'P&L Class_FY'!AK8),5) -> 0 | AM9: =ROUND(SUM('P&L Class_FY'!AM3:'P&L Class_FY'!AM8),5) -> 5000 | AO9: =ROUND(SUM('P&L Class_FY'!AO3:'P&L Class_FY'!AO8),5) -> 1281 | AQ9: =ROUND(SUM('P&L Class_FY'!AQ3:'P&L Class_FY'!AQ8),5) -> 0 | AS9: =ROUND(SUM('P&L Class_FY'!AS3:'P&L Class_FY'!AS8),5) -> 0 | AU9: =ROUND(SUM('P&L Class_FY'!AU3:'P&L Class_FY'!AU8),5) -> 0 | AW9: =ROUND(SUM('P&L Class_FY'!AW3:'P&L Class_FY'!AW8),5) -> 0 | AY9: =ROUND(SUM('P&L Class_FY'!AM9:'P&L Class_FY'!AW9),5) -> 6281 | BA9: =ROUND(SUM('P&L Class_FY'!BA3:'P&L Class_FY'!BA8),5) -> 0 | BC9: =ROUND(SUM('P&L Class_FY'!BC3:'P&L Class_FY'!BC8),5) -> 700 | BE9: ='P&L Class_FY'!BC9 -> 700 | BG9: =ROUND(SUM('P&L Class_FY'!BG3:'P&L Class_FY'!BG8),5) -> 0 | BI9: ='P&L Class_FY'!BG9 -> 0 | BK9: =ROUND(SUM('P&L Class_FY'!BK3:'P&L Class_FY'!BK8),5) -> 30000 | BM9: =ROUND(SUM('P&L Class_FY'!BM3:'P&L Class_FY'!BM8),5) -> 1000 | BO9: =ROUND('P&L Class_FY'!E9+SUM('P&L Class_FY'!I9:'P&L Class_FY'!O9)+SUM('P&L Class_FY'!U9:'P&L Class_FY'!AK9)+SUM('P&L Class_FY'!AY9:'P&L Class_FY'!BA9)+'P&L Class_FY'!BE9+SUM('P&L Class_FY'!BI9:'P&L Class_FY'!BM9),5) -> 53998.97
B10: Expense
C11: Advertising | E11: 0 | G11: 0 | I11: ='P&L Class_FY'!G11 -> 0 | K11: 0 | M11: 0 | O11: 0 | Q11: 693.5 | S11: 0 | U11: =ROUND(SUM('P&L Class_FY'!Q11:'P&L Class_FY'!S11),5) -> 693.5 | W11: 0 | Y11: 0 | AA11: 0 | AC11: 0 | AE11: 0 | AG11: 0 | AI11: 0 | AK11: 0 | AM11: 0 | AO11: 0 | AQ11: 0 | AS11: 0 | AU11: 0 | AW11: 0 | AY11: =ROUND(SUM('P&L Class_FY'!AM11:'P&L Class_FY'!AW11),5) -> 0 | BA11: 0 | BC11: 0 | BE11: ='P&L Class_FY'!BC11 -> 0 | BG11: 0 | BI11: ='P&L Class_FY'!BG11 -> 0 | BK11: 0 | BM11: 0 | BO11: =ROUND('P&L Class_FY'!E11+SUM('P&L Class_FY'!I11:'P&L Class_FY'!O11)+SUM('P&L Class_FY'!U11:'P&L Class_FY'!AK11)+SUM('P&L Class_FY'!AY11:'P&L Class_FY'!BA11)+'P&L Class_FY'!BE11+SUM('P&L Class_FY'!BI11:'P&L Class_FY'!BM11),5) -> 693.5
C12: Catering | E12: 302.49 | G12: 0 | I12: ='P&L Class_FY'!G12 -> 0 | K12: 0 | M12: 0 | O12: 0 | Q12: 0 | S12: 0 | U12: =ROUND(SUM('P&L Class_FY'!Q12:'P&L Class_FY'!S12),5) -> 0 | W12: 0 | Y12: 0 | AA12: 0 | AC12: 0 | AE12: 0 | AG12: 0 | AI12: 0 | AK12: 0 | AM12: 1970.91 | AO12: 441 | AQ12: 0 | AS12: 0 | AU12: 0 | AW12: 0 | AY12: =ROUND(SUM('P&L Class_FY'!AM12:'P&L Class_FY'!AW12),5) -> 2411.91 | BA12: 0 | BC12: 0 | BE12: ='P&L Class_FY'!BC12 -> 0 | BG12: 0 | BI12: ='P&L Class_FY'!BG12 -> 0 | BK12: 0 | BM12: 0 | BO12: =ROUND('P&L Class_FY'!E12+SUM('P&L Class_FY'!I12:'P&L Class_FY'!O12)+SUM('P&L Class_FY'!U12:'P&L Class_FY'!AK12)+SUM('P&L Class_FY'!AY12:'P&L Class_FY'!BA12)+'P&L Class_FY'!BE12+SUM('P&L Class_FY'!BI12:'P&L Class_FY'!BM12),5) -> 2714.4
C13: Charitable Donation | E13: 0 | G13: 0 | I13: ='P&L Class_FY'!G13 -> 0 | K13: 0 | M13: 0 | O13: 0 | Q13: 0 | S13: 0 | U13: =ROUND(SUM('P&L Class_FY'!Q13:'P&L Class_FY'!S13),5) -> 0 | W13: 0 | Y13: 0 | AA13: 0 | AC13: 0 | AE13: 0 | AG13: 0 | AI13: 0 | AK13: 0 | AM13: 0 | AO13: 0 | AQ13: 0 | AS13: 0 | AU13: 0 | AW13: 0 | AY13: =ROUND(SUM('P&L Class_FY'!AM13:'P&L Class_FY'!AW13),5) -> 0 | BA13: 0 | BC13: 0 | BE13: ='P&L Class_FY'!BC13 -> 0 | BG13: 1000 | BI13: ='P&L Class_FY'!BG13 -> 1000 | BK13: 0 | BM13: 0 | BO13: =ROUND('P&L Class_FY'!E13+SUM('P&L Class_FY'!I13:'P&L Class_FY'!O13)+SUM('P&L Class_FY'!U13:'P&L Class_FY'!AK13)+SUM('P&L Class_FY'!AY13:'P&L Class_FY'!BA13)+'P&L Class_FY'!BE13+SUM('P&L Class_FY'!BI13:'P&L Class_FY'!BM13),5) -> 1000
C14: Contract Work | E14: 0 | G14: 81.82 | I14: ='P&L Class_FY'!G14 -> 81.82 | K14: 0 | M14: 2120 | O14: 0 | Q14: 0 | S14: 783.02 | U14: =ROUND(SUM('P&L Class_FY'!Q14:'P&L Class_FY'!S14),5) -> 783.02 | W14: 1300 | Y14: 13.5 | AA14: 1370 | AC14: 0 | AE14: 1881.9 | AG14: 0 | AI14: 0 | AK14: 0 | AM14: 4080 | AO14: 0 | AQ14: 0 | AS14: 0 | AU14: 0 | AW14: 2932.5 | AY14: =ROUND(SUM('P&L Class_FY'!AM14:'P&L Class_FY'!AW14),5) -> 7012.5 | BA14: 0 | BC14: 0 | BE14: ='P&L Class_FY'!BC14 -> 0 | BG14: 0 | BI14: ='P&L Class_FY'!BG14 -> 0 | BK14: 700 | BM14: 0 | BO14: =ROUND('P&L Class_FY'!E14+SUM('P&L Class_FY'!I14:'P&L Class_FY'!O14)+SUM('P&L Class_FY'!U14:'P&L Class_FY'!AK14)+SUM('P&L Class_FY'!AY14:'P&L Class_FY'!BA14)+'P&L Class_FY'!BE14+SUM('P&L Class_FY'!BI14:'P&L Class_FY'!BM14),5) -> 15262.74
C15: Materials / Capital Items | E15: 0 | G15: 857 | I15: ='P&L Class_FY'!G15 -> 857 | K15: 0 | M15: 249.33 | O15: 0 | Q15: 0 | S15: 0 | U15: =ROUND(SUM('P&L Class_FY'!Q15:'P&L Class_FY'!S15),5) -> 0 | W15: 0 | Y15: 0 | AA15: 0 | AC15: 0 | AE15: 0 | AG15: 0 | AI15: 0 | AK15: 30 | AM15: 120 | AO15: 0 | AQ15: 0 | AS15: 0 | AU15: 0 | AW15: 0 | AY15: =ROUND(SUM('P&L Class_FY'!AM15:'P&L Class_FY'!AW15),5) -> 120 | BA15: 0 | BC15: 0 | BE15: ='P&L Class_FY'!BC15 -> 0 | BG15: 0 | BI15: ='P&L Class_FY'!BG15 -> 0 | BK15: 0 | BM15: 0 | BO15: =ROUND('P&L Class_FY'!E15+SUM('P&L Class_FY'!I15:'P&L Class_FY'!O15)+SUM('P&L Class_FY'!U15:'P&L Class_FY'!AK15)+SUM('P&L Class_FY'!AY15:'P&L Class_FY'!BA15)+'P&L Class_FY'!BE15+SUM('P&L Class_FY'!BI15:'P&L Class_FY'!BM15),5) -> 1256.33
C16: Office Operating Costs
D17: Internet | E17: 0 | G17: 0 | I17: ='P&L Class_FY'!G17 -> 0 | K17: 0 | M17: 0 | O17: 0 | Q17: 0 | S17: 0 | U17: =ROUND(SUM('P&L Class_FY'!Q17:'P&L Class_FY'!S17),5) -> 0 | W17: 0 | Y17: 0 | AA17: 0 | AC17: 0 | AE17: 0 | AG17: 0 | AI17: 0 | AK17: 0 | AM17: 0 | AO17: 0 | AQ17: 0 | AS17: 0 | AU17: 0 | AW17: 0 | AY17: =ROUND(SUM('P&L Class_FY'!AM17:'P&L Class_FY'!AW17),5) -> 0 | BA17: 0 | BC17: 0 | BE17: ='P&L Class_FY'!BC17 -> 0 | BG17: 0 | BI17: ='P&L Class_FY'!BG17 -> 0 | BK17: 290.92 | BM17: 0 | BO17: =ROUND('P&L Class_FY'!E17+SUM('P&L Class_FY'!I17:'P&L Class_FY'!O17)+SUM('P&L Class_FY'!U17:'P&L Class_FY'!AK17)+SUM('P&L Class_FY'!AY17:'P&L Class_FY'!BA17)+'P&L Class_FY'!BE17+SUM('P&L Class_FY'!BI17:'P&L Class_FY'!BM17),5) -> 290.92
D18: Postage | E18: 0 | G18: 73.82 | I18: ='P&L Class_FY'!G18 -> 73.82 | K18: 0 | M18: 26.59 | O18: 0 | Q18: 0 | S18: 8.64 | U18: =ROUND(SUM('P&L Class_FY'!Q18:'P&L Class_FY'!S18),5) -> 8.64 | W18: 0 | Y18: 84.64 | AA18: 0 | AC18: 0 | AE18: 0 | AG18: 0 | AI18: 0 | AK18: 0 | AM18: 0 | AO18: 0 | AQ18: 0 | AS18: 0 | AU18: 0 | AW18: 0 | AY18: =ROUND(SUM('P&L Class_FY'!AM18:'P&L Class_FY'!AW18),5) -> 0 | BA18: 0 | BC18: 0 | BE18: ='P&L Class_FY'!BC18 -> 0 | BG18: 0 | BI18: ='P&L Class_FY'!BG18 -> 0 | BK18: 88.45 | BM18: 0 | BO18: =ROUND('P&L Class_FY'!E18+SUM('P&L Class_FY'!I18:'P&L Class_FY'!O18)+SUM('P&L Class_FY'!U18:'P&L Class_FY'!AK18)+SUM('P&L Class_FY'!AY18:'P&L Class_FY'!BA18)+'P&L Class_FY'!BE18+SUM('P&L Class_FY'!BI18:'P&L Class_FY'!BM18),5) -> 282.14
D19: Stationery | E19: 0 | G19: 0 | I19: ='P&L Class_FY'!G19 -> 0 | K19: 0 | M19: 0 | O19: 0 | Q19: 0 | S19: 0 | U19: =ROUND(SUM('P&L Class_FY'!Q19:'P&L Class_FY'!S19),5) -> 0 | W19: 0 | Y19: 0 | AA19: 0 | AC19: 0 | AE19: 0 | AG19: 0 | AI19: 0 | AK19: 0 | AM19: 0 | AO19: 0 | AQ19: 0 | AS19: 0 | AU19: 0 | AW19: 0 | AY19: =ROUND(SUM('P&L Class_FY'!AM19:'P&L Class_FY'!AW19),5) -> 0 | BA19: 0 | BC19: 0 | BE19: ='P&L Class_FY'!BC19 -> 0 | BG19: 0 | BI19: ='P&L Class_FY'!BG19 -> 0 | BK19: 156.04 | BM19: 0 | BO19: =ROUND('P&L Class_FY'!E19+SUM('P&L Class_FY'!I19:'P&L Class_FY'!O19)+SUM('P&L Class_FY'!U19:'P&L Class_FY'!AK19)+SUM('P&L Class_FY'!AY19:'P&L Class_FY'!BA19)+'P&L Class_FY'!BE19+SUM('P&L Class_FY'!BI19:'P&L Class_FY'!BM19),5) -> 156.04
C20: Total Office Operating Costs | E20: =ROUND(SUM('P&L Class_FY'!E16:'P&L Class_FY'!E19),5) -> 0 | G20: =ROUND(SUM('P&L Class_FY'!G16:'P&L Class_FY'!G19),5) -> 73.82 | I20: ='P&L Class_FY'!G20 -> 73.82 | K20: =ROUND(SUM('P&L Class_FY'!K16:'P&L Class_FY'!K19),5) -> 0 | M20: =ROUND(SUM('P&L Class_FY'!M16:'P&L Class_FY'!M19),5) -> 26.59 | O20: =ROUND(SUM('P&L Class_FY'!O16:'P&L Class_FY'!O19),5) -> 0 | Q20: =ROUND(SUM('P&L Class_FY'!Q16:'P&L Class_FY'!Q19),5) -> 0 | S20: =ROUND(SUM('P&L Class_FY'!S16:'P&L Class_FY'!S19),5) -> 8.64 | U20: =ROUND(SUM('P&L Class_FY'!Q20:'P&L Class_FY'!S20),5) -> 8.64 | W20: =ROUND(SUM('P&L Class_FY'!W16:'P&L Class_FY'!W19),5) -> 0 | Y20: =ROUND(SUM('P&L Class_FY'!Y16:'P&L Class_FY'!Y19),5) -> 84.64 | AA20: =ROUND(SUM('P&L Class_FY'!AA16:'P&L Class_FY'!AA19),5) -> 0 | AC20: =ROUND(SUM('P&L Class_FY'!AC16:'P&L Class_FY'!AC19),5) -> 0 | AE20: =ROUND(SUM('P&L Class_FY'!AE16:'P&L Class_FY'!AE19),5) -> 0 | AG20: =ROUND(SUM('P&L Class_FY'!AG16:'P&L Class_FY'!AG19),5) -> 0 | AI20: =ROUND(SUM('P&L Class_FY'!AI16:'P&L Class_FY'!AI19),5) -> 0 | AK20: =ROUND(SUM('P&L Class_FY'!AK16:'P&L Class_FY'!AK19),5) -> 0 | AM20: =ROUND(SUM('P&L Class_FY'!AM16:'P&L Class_FY'!AM19),5) -> 0 | AO20: =ROUND(SUM('P&L Class_FY'!AO16:'P&L Class_FY'!AO19),5) -> 0 | AQ20: =ROUND(SUM('P&L Class_FY'!AQ16:'P&L Class_FY'!AQ19),5) -> 0 | AS20: =ROUND(SUM('P&L Class_FY'!AS16:'P&L Class_FY'!AS19),5) -> 0 | AU20: =ROUND(SUM('P&L Class_FY'!AU16:'P&L Class_FY'!AU19),5) -> 0 | AW20: =ROUND(SUM('P&L Class_FY'!AW16:'P&L Class_FY'!AW19),5) -> 0 | AY20: =ROUND(SUM('P&L Class_FY'!AM20:'P&L Class_FY'!AW20),5) -> 0 | BA20: =ROUND(SUM('P&L Class_FY'!BA16:'P&L Class_FY'!BA19),5) -> 0 | BC20: =ROUND(SUM('P&L Class_FY'!BC16:'P&L Class_FY'!BC19),5) -> 0 | BE20: ='P&L Class_FY'!BC20 -> 0 | BG20: =ROUND(SUM('P&L Class_FY'!BG16:'P&L Class_FY'!BG19),5) -> 0 | BI20: ='P&L Class_FY'!BG20 -> 0 | BK20: =ROUND(SUM('P&L Class_FY'!BK16:'P&L Class_FY'!BK19),5) -> 535.41 | BM20: =ROUND(SUM('P&L Class_FY'!BM16:'P&L Class_FY'!BM19),5) -> 0 | BO20: =ROUND('P&L Class_FY'!E20+SUM('P&L Class_FY'!I20:'P&L Class_FY'!O20)+SUM('P&L Class_FY'!U20:'P&L Class_FY'!AK20)+SUM('P&L Class_FY'!AY20:'P&L Class_FY'!BA20)+'P&L Class_FY'!BE20+SUM('P&L Class_FY'!BI20:'P&L Class_FY'!BM20),5) -> 729.1
C21: Sundry | E21: 18.18 | G21: 0 | I21: ='P&L Class_FY'!G21 -> 0 | K21: 0 | M21: 0 | O21: 47 | Q21: 0 | S21: 0 | U21: =ROUND(SUM('P&L Class_FY'!Q21:'P&L Class_FY'!S21),5) -> 0 | W21: 0 | Y21: 0 | AA21: 0 | AC21: 0 | AE21: 0 | AG21: 0 | AI21: 0 | AK21: 0 | AM21: 0 | AO21: 0 | AQ21: 0 | AS21: 0 | AU21: 0 | AW21: 0 | AY21: =ROUND(SUM('P&L Class_FY'!AM21:'P&L Class_FY'!AW21),5) -> 0 | BA21: 0 | BC21: 0 | BE21: ='P&L Class_FY'!BC21 -> 0 | BG21: 0 | BI21: ='P&L Class_FY'!BG21 -> 0 | BK21: 0 | BM21: 0 | BO21: =ROUND('P&L Class_FY'!E21+SUM('P&L Class_FY'!I21:'P&L Class_FY'!O21)+SUM('P&L Class_FY'!U21:'P&L Class_FY'!AK21)+SUM('P&L Class_FY'!AY21:'P&L Class_FY'!BA21)+'P&L Class_FY'!BE21+SUM('P&L Class_FY'!BI21:'P&L Class_FY'!BM21),5) -> 65.18
C22: Training | E22: 0 | G22: 0 | I22: ='P&L Class_FY'!G22 -> 0 | K22: 0 | M22: 0 | O22: 0 | Q22: 0 | S22: 0 | U22: =ROUND(SUM('P&L Class_FY'!Q22:'P&L Class_FY'!S22),5) -> 0 | W22: 0 | Y22: 0 | AA22: 0 | AC22: 0 | AE22: 0 | AG22: 0 | AI22: 0 | AK22: 0 | AM22: 0 | AO22: 0 | AQ22: 0 | AS22: 0 | AU22: 0 | AW22: 0 | AY22: =ROUND(SUM('P&L Class_FY'!AM22:'P&L Class_FY'!AW22),5) -> 0 | BA22: 0 | BC22: 0 | BE22: ='P&L Class_FY'!BC22 -> 0 | BG22: 0 | BI22: ='P&L Class_FY'!BG22 -> 0 | BK22: 1452 | BM22: 0 | BO22: =ROUND('P&L Class_FY'!E22+SUM('P&L Class_FY'!I22:'P&L Class_FY'!O22)+SUM('P&L Class_FY'!U22:'P&L Class_FY'!AK22)+SUM('P&L Class_FY'!AY22:'P&L Class_FY'!BA22)+'P&L Class_FY'!BE22+SUM('P&L Class_FY'!BI22:'P&L Class_FY'!BM22),5) -> 1452
C23: Travel, Accommodation & Meals | E23: 0 | G23: 830.51 | I23: ='P&L Class_FY'!G23 -> 830.51 | K23: 24 | M23: 216 | O23: 0 | Q23: 0 | S23: 80 | U23: =ROUND(SUM('P&L Class_FY'!Q23:'P&L Class_FY'!S23),5) -> 80 | W23: 0 | Y23: 400 | AA23: 0 | AC23: 915 | AE23: 0 | AG23: 0 | AI23: 0 | AK23: 56 | AM23: 943.82 | AO23: 0 | AQ23: 152 | AS23: 0 | AU23: 0 | AW23: 0 | AY23: =ROUND(SUM('P&L Class_FY'!AM23:'P&L Class_FY'!AW23),5) -> 1095.82 | BA23: 0 | BC23: 0 | BE23: ='P&L Class_FY'!BC23 -> 0 | BG23: 0 | BI23: ='P&L Class_FY'!BG23 -> 0 | BK23: 280 | BM23: 0 | BO23: =ROUND('P&L Class_FY'!E23+SUM('P&L Class_FY'!I23:'P&L Class_FY'!O23)+SUM('P&L Class_FY'!U23:'P&L Class_FY'!AK23)+SUM('P&L Class_FY'!AY23:'P&L Class_FY'!BA23)+'P&L Class_FY'!BE23+SUM('P&L Class_FY'!BI23:'P&L Class_FY'!BM23),5) -> 3897.33
C24: wages | E24: 0 | G24: 0 | I24: ='P&L Class_FY'!G24 -> 0 | K24: 63.7 | M24: 1496.95 | O24: 0 | Q24: 0 | S24: 509.6 | U24: =ROUND(SUM('P&L Class_FY'!Q24:'P&L Class_FY'!S24),5) -> 509.6 | W24: 637 | Y24: 828.1 | AA24: 0 | AC24: 0 | AE24: 445.9 | AG24: 0 | AI24: 191.1 | AK24: 828.1 | AM24: 764.4 | AO24: 382.2 | AQ24: 318.5 | AS24: 127.4 | AU24: 127.4 | AW24: 0 | AY24: =ROUND(SUM('P&L Class_FY'!AM24:'P&L Class_FY'!AW24),5) -> 1719.9 | BA24: 0 | BC24: 0 | BE24: ='P&L Class_FY'!BC24 -> 0 | BG24: 445.9 | BI24: ='P&L Class_FY'!BG24 -> 445.9 | BK24: 12549.8 | BM24: 0 | BO24: =ROUND('P&L Class_FY'!E24+SUM('P&L Class_FY'!I24:'P&L Class_FY'!O24)+SUM('P&L Class_FY'!U24:'P&L Class_FY'!AK24)+SUM('P&L Class_FY'!AY24:'P&L Class_FY'!BA24)+'P&L Class_FY'!BE24+SUM('P&L Class_FY'!BI24:'P&L Class_FY'!BM24),5) -> 19716.05
C25: 6-1800 · Insurance | E25: 0 | G25: 0 | I25: ='P&L Class_FY'!G25 -> 0 | K25: 0 | M25: 0 | O25: 0 | Q25: 0 | S25: 0 | U25: =ROUND(SUM('P&L Class_FY'!Q25:'P&L Class_FY'!S25),5) -> 0 | W25: 0 | Y25: 0 | AA25: 0 | AC25: 0 | AE25: 0 | AG25: 0 | AI25: 0 | AK25: 0 | AM25: 0 | AO25: 0 | AQ25: 0 | AS25: 0 | AU25: 0 | AW25: 0 | AY25: =ROUND(SUM('P&L Class_FY'!AM25:'P&L Class_FY'!AW25),5) -> 0 | BA25: 1911.95 | BC25: 0 | BE25: ='P&L Class_FY'!BC25 -> 0 | BG25: 0 | BI25: ='P&L Class_FY'!BG25 -> 0 | BK25: 0 | BM25: 0 | BO25: =ROUND('P&L Class_FY'!E25+SUM('P&L Class_FY'!I25:'P&L Class_FY'!O25)+SUM('P&L Class_FY'!U25:'P&L Class_FY'!AK25)+SUM('P&L Class_FY'!AY25:'P&L Class_FY'!BA25)+'P&L Class_FY'!BE25+SUM('P&L Class_FY'!BI25:'P&L Class_FY'!BM25),5) -> 1911.95
B26: Total Expense | E26: =ROUND(SUM('P&L Class_FY'!E10:'P&L Class_FY'!E15)+SUM('P&L Class_FY'!E20:'P&L Class_FY'!E25),5) -> 320.67 | G26: =ROUND(SUM('P&L Class_FY'!G10:'P&L Class_FY'!G15)+SUM('P&L Class_FY'!G20:'P&L Class_FY'!G25),5) -> 1843.15 | I26: ='P&L Class_FY'!G26 -> 1843.15 | K26: =ROUND(SUM('P&L Class_FY'!K10:'P&L Class_FY'!K15)+SUM('P&L Class_FY'!K20:'P&L Class_FY'!K25),5) -> 87.7 | M26: =ROUND(SUM('P&L Class_FY'!M10:'P&L Class_FY'!M15)+SUM('P&L Class_FY'!M20:'P&L Class_FY'!M25),5) -> 4108.87 | O26: =ROUND(SUM('P&L Class_FY'!O10:'P&L Class_FY'!O15)+SUM('P&L Class_FY'!O20:'P&L Class_FY'!O25),5) -> 47 | Q26: =ROUND(SUM('P&L Class_FY'!Q10:'P&L Class_FY'!Q15)+SUM('P&L Class_FY'!Q20:'P&L Class_FY'!Q25),5) -> 693.5 | S26: =ROUND(SUM('P&L Class_FY'!S10:'P&L Class_FY'!S15)+SUM('P&L Class_FY'!S20:'P&L Class_FY'!S25),5) -> 1381.26 | U26: =ROUND(SUM('P&L Class_FY'!Q26:'P&L Class_FY'!S26),5) -> 2074.76 | W26: =ROUND(SUM('P&L Class_FY'!W10:'P&L Class_FY'!W15)+SUM('P&L Class_FY'!W20:'P&L Class_FY'!W25),5) -> 1937 | Y26: =ROUND(SUM('P&L Class_FY'!Y10:'P&L Class_FY'!Y15)+SUM('P&L Class_FY'!Y20:'P&L Class_FY'!Y25),5) -> 1326.24 | AA26: =ROUND(SUM('P&L Class_FY'!AA10:'P&L Class_FY'!AA15)+SUM('P&L Class_FY'!AA20:'P&L Class_FY'!AA25),5) -> 1370 | AC26: =ROUND(SUM('P&L Class_FY'!AC10:'P&L Class_FY'!AC15)+SUM('P&L Class_FY'!AC20:'P&L Class_FY'!AC25),5) -> 915 | AE26: =ROUND(SUM('P&L Class_FY'!AE10:'P&L Class_FY'!AE15)+SUM('P&L Class_FY'!AE20:'P&L Class_FY'!AE25),5) -> 2327.8 | AG26: =ROUND(SUM('P&L Class_FY'!AG10:'P&L Class_FY'!AG15)+SUM('P&L Class_FY'!AG20:'P&L Class_FY'!AG25),5) -> 0 | AI26: =ROUND(SUM('P&L Class_FY'!AI10:'P&L Class_FY'!AI15)+SUM('P&L Class_FY'!AI20:'P&L Class_FY'!AI25),5) -> 191.1 | AK26: =ROUND(SUM('P&L Class_FY'!AK10:'P&L Class_FY'!AK15)+SUM('P&L Class_FY'!AK20:'P&L Class_FY'!AK25),5) -> 914.1 | AM26: =ROUND(SUM('P&L Class_FY'!AM10:'P&L Class_FY'!AM15)+SUM('P&L Class_FY'!AM20:'P&L Class_FY'!AM25),5) -> 7879.13 | AO26: =ROUND(SUM('P&L Class_FY'!AO10:'P&L Class_FY'!AO15)+SUM('P&L Class_FY'!AO20:'P&L Class_FY'!AO25),5) -> 823.2 | AQ26: =ROUND(SUM('P&L Class_FY'!AQ10:'P&L Class_FY'!AQ15)+SUM('P&L Class_FY'!AQ20:'P&L Class_FY'!AQ25),5) -> 470.5 | AS26: =ROUND(SUM('P&L Class_FY'!AS10:'P&L Class_FY'!AS15)+SUM('P&L Class_FY'!AS20:'P&L Class_FY'!AS25),5) -> 127.4 | AU26: =ROUND(SUM('P&L Class_FY'!AU10:'P&L Class_FY'!AU15)+SUM('P&L Class_FY'!AU20:'P&L Class_FY'!AU25),5) -> 127.4 | AW26: =ROUND(SUM('P&L Class_FY'!AW10:'P&L Class_FY'!AW15)+SUM('P&L Class_FY'!AW20:'P&L Class_FY'!AW25),5) -> 2932.5 | AY26: =ROUND(SUM('P&L Class_FY'!AM26:'P&L Class_FY'!AW26),5) -> 12360.13 | BA26: =ROUND(SUM('P&L Class_FY'!BA10:'P&L Class_FY'!BA15)+SUM('P&L Class_FY'!BA20:'P&L Class_FY'!BA25),5) -> 1911.95 | BC26: =ROUND(SUM('P&L Class_FY'!BC10:'P&L Class_FY'!BC15)+SUM('P&L Class_FY'!BC20:'P&L Class_FY'!BC25),5) -> 0 | BE26: ='P&L Class_FY'!BC26 -> 0 | BG26: =ROUND(SUM('P&L Class_FY'!BG10:'P&L Class_FY'!BG15)+SUM('P&L Class_FY'!BG20:'P&L Class_FY'!BG25),5) -> 1445.9 | BI26: ='P&L Class_FY'!BG26 -> 1445.9 | BK26: =ROUND(SUM('P&L Class_FY'!BK10:'P&L Class_FY'!BK15)+SUM('P&L Class_FY'!BK20:'P&L Class_FY'!BK25),5) -> 15517.21 | BM26: =ROUND(SUM('P&L Class_FY'!BM10:'P&L Class_FY'!BM15)+SUM('P&L Class_FY'!BM20:'P&L Class_FY'!BM25),5) -> 0 | BO26: =ROUND('P&L Class_FY'!E26+SUM('P&L Class_FY'!I26:'P&L Class_FY'!O26)+SUM('P&L Class_FY'!U26:'P&L Class_FY'!AK26)+SUM('P&L Class_FY'!AY26:'P&L Class_FY'!BA26)+'P&L Class_FY'!BE26+SUM('P&L Class_FY'!BI26:'P&L Class_FY'!BM26),5) -> 48698.58
A27: Net Income | E27: =ROUND('P&L Class_FY'!E9-'P&L Class_FY'!E26,5) -> -320.67 | G27: =ROUND('P&L Class_FY'!G9-'P&L Class_FY'!G26,5) -> -1843.15 | I27: ='P&L Class_FY'!G27 -> -1843.15 | K27: =ROUND('P&L Class_FY'!K9-'P&L Class_FY'!K26,5) -> -87.7 | M27: =ROUND('P&L Class_FY'!M9-'P&L Class_FY'!M26,5) -> 5891.13 | O27: =ROUND('P&L Class_FY'!O9-'P&L Class_FY'!O26,5) -> -47 | Q27: =ROUND('P&L Class_FY'!Q9-'P&L Class_FY'!Q26,5) -> -693.5 | S27: =ROUND('P&L Class_FY'!S9-'P&L Class_FY'!S26,5) -> 618.74 | U27: =ROUND(SUM('P&L Class_FY'!Q27:'P&L Class_FY'!S27),5) -> -74.76 | W27: =ROUND('P&L Class_FY'!W9-'P&L Class_FY'!W26,5) -> -1937 | Y27: =ROUND('P&L Class_FY'!Y9-'P&L Class_FY'!Y26,5) -> -1326.24 | AA27: =ROUND('P&L Class_FY'!AA9-'P&L Class_FY'!AA26,5) -> -1370 | AC27: =ROUND('P&L Class_FY'!AC9-'P&L Class_FY'!AC26,5) -> -915 | AE27: =ROUND('P&L Class_FY'!AE9-'P&L Class_FY'!AE26,5) -> 982.2 | AG27: =ROUND('P&L Class_FY'!AG9-'P&L Class_FY'!AG26,5) -> 707.97 | AI27: =ROUND('P&L Class_FY'!AI9-'P&L Class_FY'!AI26,5) -> -191.1 | AK27: =ROUND('P&L Class_FY'!AK9-'P&L Class_FY'!AK26,5) -> -914.1 | AM27: =ROUND('P&L Class_FY'!AM9-'P&L Class_FY'!AM26,5) -> -2879.13 | AO27: =ROUND('P&L Class_FY'!AO9-'P&L Class_FY'!AO26,5) -> 457.8 | AQ27: =ROUND('P&L Class_FY'!AQ9-'P&L Class_FY'!AQ26,5) -> -470.5 | AS27: =ROUND('P&L Class_FY'!AS9-'P&L Class_FY'!AS26,5) -> -127.4 | AU27: =ROUND('P&L Class_FY'!AU9-'P&L Class_FY'!AU26,5) -> -127.4 | AW27: =ROUND('P&L Class_FY'!AW9-'P&L Class_FY'!AW26,5) -> -2932.5 | AY27: =ROUND(SUM('P&L Class_FY'!AM27:'P&L Class_FY'!AW27),5) -> -6079.13 | BA27: =ROUND('P&L Class_FY'!BA9-'P&L Class_FY'!BA26,5) -> -1911.95 | BC27: =ROUND('P&L Class_FY'!BC9-'P&L Class_FY'!BC26,5) -> 700 | BE27: ='P&L Class_FY'!BC27 -> 700 | BG27: =ROUND('P&L Class_FY'!BG9-'P&L Class_FY'!BG26,5) -> -1445.9 | BI27: ='P&L Class_FY'!BG27 -> -1445.9 | BK27: =ROUND('P&L Class_FY'!BK9-'P&L Class_FY'!BK26,5) -> 14482.79 | BM27: =ROUND('P&L Class_FY'!BM9-'P&L Class_FY'!BM26,5) -> 1000 | BO27: =ROUND('P&L Class_FY'!E27+SUM('P&L Class_FY'!I27:'P&L Class_FY'!O27)+SUM('P&L Class_FY'!U27:'P&L Class_FY'!AK27)+SUM('P&L Class_FY'!AY27:'P&L Class_FY'!BA27)+'P&L Class_FY'!BE27+SUM('P&L Class_FY'!BI27:'P&L Class_FY'!BM27),5) -> 5300.39
D29: % Complete | E29: 0.33 | G29: annual | K29: on-going? | M29: 0.2 | Q29: 0 | S29: 0.95 | W29: 1 | Y29: on-going | AA29: 0.95 | AC29: on-going | AE29: 1 | AI29: 1 | AK29: 0.8 | AM29: 1 | AO29: 1 | AQ29: 1 | AS29: 1 | AW29: on-going | BC29: 1 | BG29: 0.9 | BK29: on-going | BM29: 1

Sheet P&L Class_ALL
G1: 2009 | H1: 2010 | J1: 2011 | L1: 2012 | N1: 2013 | P1: 2014 | Z1: 2015 | AA1: 2014 | AC1: 2013 | AE1: 2012 | BA1: Farming Familes 2nd Rd | BC1: Farming Families Project | BI1: MMfS Labour Efficiency | BK1: Rabo Field Day | BM1: Animal Health Seminar | BO1: Lyn Sykes | BQ1: Working Dog School May 14 | BS1: Seasonal Updates - DA | BU1: June 4th - Field Day DA | BW1: Carbon Day 2011 | BY1: Carbon Day 2010 | CA1: Event sundries | CC1: Farm Accountancy Wrkshp | CE1: Webinar Nov 09 | CI1: TAYLOR | CK1: YELDS | CM1: Evergraze / CHAF Trials - Other | CQ1: Farm Ready | CS1: Grass Gro SRCMA | CU1: Woolworths_Landcare | CW1: Grass Gro - Other | DG1: 2014 | DI1: 2013 | DK1: 2012 | DM1: 2011 | DO1: 2010 | DQ1: Membership - Other | DU1: Wether Trial 2014 | DW1: Monaro Mums Project - Other
E2: Benchmarking H & S | G2: (AGM) | H2: (AGM) | J2: (AGM) | L2: (AGM) | N2: (AGM) | P2: (AGM) | R2: Total AGM | T2: Top Pastures & Crop Group | V2: MLA Participatory Research | X2: Bank Fees | Z2: (MFS Apprentice Program) | AA2: (MFS Apprentice Program) | AC2: (MFS Apprentice Program) | AE2: (MFS Apprentice Program) | AG2: Total MFS Apprentice Program | AI2: MLA PDS Fert Project | AK2: Soil Club | AM2: Soil Club - CAG | AO2: MFS Website | AQ2: Board Meetings | AS2: PDS LMY Project | AU2: Bank Intrest | AW2: Woolworths_Landcare_Soil Club | AY2: Action on Ground - Soil Carbon | BA2: (Community Action Grant) | BC2: (Community Action Grant) | BE2: Total Community Action Grant | BG2: CSIRO Dual Purpose Crop Trial | BI2: (Events) | BK2: (Events) | BM2: (Events) | BO2: (Events) | BQ2: (Events) | BS2: (Events) | BU2: (Events) | BW2: (Events) | BY2: (Events) | CA2: (Events) | CC2: (Events) | CE2: (Events) | CG2: Total Events | CI2: (Evergraze / CHAF Trials) | CK2: (Evergraze / CHAF Trials) | CM2: (Evergraze / CHAF Trials) | CO2: Total Evergraze / CHAF Trials | CQ2: (Grass Gro) | CS2: (Grass Gro) | CU2: (Grass Gro) | CW2: (Grass Gro) | CY2: Total Grass Gro | DA2: GRDC Cereal Trial | DC2: Incorporation Fees Licenses | DE2: Subscriptions | DG2: (Membership) | DI2: (Membership) | DK2: (Membership) | DM2: (Membership) | DO2: (Membership) | DQ2: (Membership) | DS2: Total Membership | DU2: (Monaro Mums Project) | DW2: (Monaro Mums Project) | DY2: Total Monaro Mums Project | EA2: MS&A Management Support | EC2: Non producer Membership | EE2: Project Officer | EG2: Sponsorship | EI2: Unclassified | EK2: TOTAL
B3: Income
C4: Government Grants | E4: 0 | G4: 0 | H4: 0 | J4: 0 | L4: 0 | N4: 0 | P4: 0 | R4: =ROUND(SUM('P&L Class_ALL'!H4:'P&L Class_ALL'!P4),5) -> 0 | T4: 0 | V4: 0 | X4: 0 | Z4: 0 | AA4: 0 | AC4: 0 | AE4: 6500 | AG4: =ROUND(SUM('P&L Class_ALL'!Z4:'P&L Class_ALL'!AA4),5) -> 0 | AI4: 35425 | AK4: 0 | AM4: 18300 | AO4: 0 | AQ4: 0 | AS4: 0 | AU4: 0 | AW4: 0 | AY4: 184109 | BA4: 0 | BC4: 0 | BE4: =ROUND(SUM('P&L Class_ALL'!BA4:'P&L Class_ALL'!BC4),5) -> 0 | BG4: 0 | BI4: 0 | BK4: 0 | BM4: 0 | BO4: 0 | BQ4: 0 | BS4: 0 | BU4: 0 | BW4: 0 | BY4: 0 | CA4: 0 | CC4: 0 | CE4: 0 | CG4: =ROUND(SUM('P&L Class_ALL'!BI4:'P&L Class_ALL'!CE4),5) -> 0 | CI4: 0 | CK4: 0 | CM4: 0 | CO4: =ROUND(SUM('P&L Class_ALL'!CI4:'P&L Class_ALL'!CM4),5) -> 0 | CQ4: 80341.9 | CS4: 6000 | CU4: 12436.36 | CW4: 0 | CY4: =ROUND(SUM('P&L Class_ALL'!CQ4:'P&L Class_ALL'!CW4),5) -> 98778.26 | DA4: 0 | DC4: 0 | DE4: 0 | DG4: 0 | DI4: 0 | DK4: 0 | DM4: 0 | DO4: 0 | DQ4: 0 | DS4: =ROUND(SUM('P&L Class_ALL'!DG4:'P&L Class_ALL'!DQ4),5) -> 0 | DU4: 0 | DW4: 0 | DY4: =ROUND(SUM('P&L Class_ALL'!DU4:'P&L Class_ALL'!DW4),5) -> 0 | EA4: 0 | EC4: 0 | EE4: 70000 | EG4: 0 | EI4: 0 | EK4: =ROUND('P&L Class_ALL'!E4+SUM('P&L Class_ALL'!R4:'P&L Class_ALL'!X4)+SUM('P&L Class_ALL'!AG4:'P&L Class_ALL'!AY4)+SUM('P&L Class_ALL'!BE4:'P&L Class_ALL'!BG4)+'P&L Class_ALL'!CG4+'P&L Class_ALL'!CO4+SUM('P&L Class_ALL'!CY4:'P&L Class_ALL'!DE4)+'P&L Class_ALL'!DS4+SUM('P&L Class_ALL'!DY4:'P&L Class_ALL'!EI4),5) -> 406612.26
C5: Membership
D6: Producers | E6: 0 | G6: 0 | H6: 0 | J6: 0 | L6: 0 | N6: 0 | P6: 0 | R6: =ROUND(SUM('P&L Class_ALL'!H6:'P&L Class_ALL'!P6),5) -> 0 | T6: 0 | V6: 0 | X6: 0 | Z6: 0 | AA6: 0 | AC6: 0 | AE6: 0 | AG6: =ROUND(SUM('P&L Class_ALL'!Z6:'P&L Class_ALL'!AA6),5) -> 0 | AI6: 0 | AK6: 0 | AM6: 0 | AO6: 0 | AQ6: 0 | AS6: 0 | AU6: 0 | AW6: 0 | AY6: 0 | BA6: 0 | BC6: 0 | BE6: =ROUND(SUM('P&L Class_ALL'!BA6:'P&L Class_ALL'!BC6),5) -> 0 | BG6: 0 | BI6: 0 | BK6: 0 | BM6: 0 | BO6: 0 | BQ6: 0 | BS6: 0 | BU6: 0 | BW6: 0 | BY6: 0 | CA6: 0 | CC6: 0 | CE6: 0 | CG6: =ROUND(SUM('P&L Class_ALL'!BI6:'P&L Class_ALL'!CE6),5) -> 0 | CI6: 0 | CK6: 0 | CM6: 0 | CO6: =ROUND(SUM('P&L Class_ALL'!CI6:'P&L Class_ALL'!CM6),5) -> 0 | CQ6: 0 | CS6: 0 | CU6: 0 | CW6: 0 | CY6: =ROUND(SUM('P&L Class_ALL'!CQ6:'P&L Class_ALL'!CW6),5) -> 0 | DA6: 0 | DC6: 0 | DE6: 0 | DG6: 0 | DI6: 0 | DK6: -160 | DM6: 0 | DO6: 0 | DQ6: 0 | DS6: =ROUND(SUM('P&L Class_ALL'!DG6:'P&L Class_ALL'!DQ6),5) -> -160 | DU6: 0 | DW6: 0 | DY6: =ROUND(SUM('P&L Class_ALL'!DU6:'P&L Class_ALL'!DW6),5) -> 0 | EA6: 0 | EC6: 0 | EE6: 0 | EG6: 0 | EI6: 0 | EK6: =ROUND('P&L Class_ALL'!E6+SUM('P&L Class_ALL'!R6:'P&L Class_ALL'!X6)+SUM('P&L Class_ALL'!AG6:'P&L Class_ALL'!AY6)+SUM('P&L Class_ALL'!BE6:'P&L Class_ALL'!BG6)+'P&L Class_ALL'!CG6+'P&L Class_ALL'!CO6+SUM('P&L Class_ALL'!CY6:'P&L Class_ALL'!DE6)+'P&L Class_ALL'!DS6+SUM('P&L Class_ALL'!DY6:'P&L Class_ALL'!EI6),5) -> -160
D7: Membership - Other | E7: 0 | G7: 0 | H7: 0 | J7: 0 | L7: 0 | N7: 0 | P7: 0 | R7: =ROUND(SUM('P&L Class_ALL'!H7:'P&L Class_ALL'!P7),5) -> 0 | T7: 0 | V7: 0 | X7: 0 | Z7: 0 | AA7: 0 | AC7: 0 | AE7: 0 | AG7: =ROUND(SUM('P&L Class_ALL'!Z7:'P&L Class_ALL'!AA7),5) -> 0 | AI7: 0 | AK7: 0 | AM7: 0 | AO7: 0 | AQ7: 0 | AS7: 0 | AU7: 0 | AW7: 0 | AY7: 0 | BA7: 0 | BC7: 0 | BE7: =ROUND(SUM('P&L Class_ALL'!BA7:'P&L Class_ALL'!BC7),5) -> 0 | BG7: 0 | BI7: 0 | BK7: 0 | BM7: 0 | BO7: 0 | BQ7: 0 | BS7: 0 | BU7: 0 | BW7: 0 | BY7: 0 | CA7: 0 | CC7: 0 | CE7: 0 | CG7: =ROUND(SUM('P&L Class_ALL'!BI7:'P&L Class_ALL'!CE7),5) -> 0 | CI7: 0 | CK7: 0 | CM7: 0 | CO7: =ROUND(SUM('P&L Class_ALL'!CI7:'P&L Class_ALL'!CM7),5) -> 0 | CQ7: 0 | CS7: 0 | CU7: 0 | CW7: 0 | CY7: =ROUND(SUM('P&L Class_ALL'!CQ7:'P&L Class_ALL'!CW7),5) -> 0 | DA7: 0 | DC7: 0 | DE7: 0 | DG7: 17138.18 | DI7: 21800 | DK7: 18985.45 | DM7: 18178.18 | DO7: 16956.36 | DQ7: 0 | DS7: =ROUND(SUM('P&L Class_ALL'!DG7:'P&L Class_ALL'!DQ7),5) -> 93058.17 | DU7: 0 | DW7: 0 | DY7: =ROUND(SUM('P&L Class_ALL'!DU7:'P&L Class_ALL'!DW7),5) -> 0 | EA7: 0 | EC7: 200 | EE7: 0 | EG7: 0 | EI7: 318.18 | EK7: =ROUND('P&L Class_ALL'!E7+SUM('P&L Class_ALL'!R7:'P&L Class_ALL'!X7)+SUM('P&L Class_ALL'!AG7:'P&L Class_ALL'!AY7)+SUM('P&L Class_ALL'!BE7:'P&L Class_ALL'!BG7)+'P&L Class_ALL'!CG7+'P&L Class_ALL'!CO7+SUM('P&L Class_ALL'!CY7:'P&L Class_ALL'!DE7)+'P&L Class_ALL'!DS7+SUM('P&L Class_ALL'!DY7:'P&L Class_ALL'!EI7),5) -> 93576.35
C8: Total Membership | E8: =ROUND(SUM('P&L Class_ALL'!E5:'P&L Class_ALL'!E7),5) -> 0 | G8: =ROUND(SUM('P&L Class_ALL'!G5:'P&L Class_ALL'!G7),5) -> 0 | H8: =ROUND(SUM('P&L Class_ALL'!H5:'P&L Class_ALL'!H7),5) -> 0 | J8: =ROUND(SUM('P&L Class_ALL'!J5:'P&L Class_ALL'!J7),5) -> 0 | L8: =ROUND(SUM('P&L Class_ALL'!L5:'P&L Class_ALL'!L7),5) -> 0 | N8: =ROUND(SUM('P&L Class_ALL'!N5:'P&L Class_ALL'!N7),5) -> 0 | P8: =ROUND(SUM('P&L Class_ALL'!P5:'P&L Class_ALL'!P7),5) -> 0 | R8: =ROUND(SUM('P&L Class_ALL'!H8:'P&L Class_ALL'!P8),5) -> 0 | T8: =ROUND(SUM('P&L Class_ALL'!T5:'P&L Class_ALL'!T7),5) -> 0 | V8: =ROUND(SUM('P&L Class_ALL'!V5:'P&L Class_ALL'!V7),5) -> 0 | X8: =ROUND(SUM('P&L Class_ALL'!X5:'P&L Class_ALL'!X7),5) -> 0 | Z8: =ROUND(SUM('P&L Class_ALL'!Z5:'P&L Class_ALL'!Z7),5) -> 0 | AA8: =ROUND(SUM('P&L Class_ALL'!AA5:'P&L Class_ALL'!AA7),5) -> 0 | AC8: =ROUND(SUM('P&L Class_ALL'!AC5:'P&L Class_ALL'!AC7),5) -> 0 | AE8: =ROUND(SUM('P&L Class_ALL'!AE5:'P&L Class_ALL'!AE7),5) -> 0 | AG8: =ROUND(SUM('P&L Class_ALL'!Z8:'P&L Class_ALL'!AA8),5) -> 0 | AI8: =ROUND(SUM('P&L Class_ALL'!AI5:'P&L Class_ALL'!AI7),5) -> 0 | AK8: =ROUND(SUM('P&L Class_ALL'!AK5:'P&L Class_ALL'!AK7),5) -> 0 | AM8: =ROUND(SUM('P&L Class_ALL'!AM5:'P&L Class_ALL'!AM7),5) -> 0 | AO8: =ROUND(SUM('P&L Class_ALL'!AO5:'P&L Class_ALL'!AO7),5) -> 0 | AQ8: =ROUND(SUM('P&L Class_ALL'!AQ5:'P&L Class_ALL'!AQ7),5) -> 0 | AS8: =ROUND(SUM('P&L Class_ALL'!AS5:'P&L Class_ALL'!AS7),5) -> 0 | AU8: =ROUND(SUM('P&L Class_ALL'!AU5:'P&L Class_ALL'!AU7),5) -> 0 | AW8: =ROUND(SUM('P&L Class_ALL'!AW5:'P&L Class_ALL'!AW7),5) -> 0 | AY8: =ROUND(SUM('P&L Class_ALL'!AY5:'P&L Class_ALL'!AY7),5) -> 0 | BA8: =ROUND(SUM('P&L Class_ALL'!BA5:'P&L Class_ALL'!BA7),5) -> 0 | BC8: =ROUND(SUM('P&L Class_ALL'!BC5:'P&L Class_ALL'!BC7),5) -> 0 | BE8: =ROUND(SUM('P&L Class_ALL'!BA8:'P&L Class_ALL'!BC8),5) -> 0 | BG8: =ROUND(SUM('P&L Class_ALL'!BG5:'P&L Class_ALL'!BG7),5) -> 0 | BI8: =ROUND(SUM('P&L Class_ALL'!BI5:'P&L Class_ALL'!BI7),5) -> 0 | BK8: =ROUND(SUM('P&L Class_ALL'!BK5:'P&L Class_ALL'!BK7),5) -> 0 | BM8: =ROUND(SUM('P&L Class_ALL'!BM5:'P&L Class_ALL'!BM7),5) -> 0 | BO8: =ROUND(SUM('P&L Class_ALL'!BO5:'P&L Class_ALL'!BO7),5) -> 0 | BQ8: =ROUND(SUM('P&L Class_ALL'!BQ5:'P&L Class_ALL'!BQ7),5) -> 0 | BS8: =ROUND(SUM('P&L Class_ALL'!BS5:'P&L Class_ALL'!BS7),5) -> 0 | BU8: =ROUND(SUM('P&L Class_ALL'!BU5:'P&L Class_ALL'!BU7),5) -> 0 | BW8: =ROUND(SUM('P&L Class_ALL'!BW5:'P&L Class_ALL'!BW7),5) -> 0 | BY8: =ROUND(SUM('P&L Class_ALL'!BY5:'P&L Class_ALL'!BY7),5) -> 0 | CA8: =ROUND(SUM('P&L Class_ALL'!CA5:'P&L Class_ALL'!CA7),5) -> 0 | CC8: =ROUND(SUM('P&L Class_ALL'!CC5:'P&L Class_ALL'!CC7),5) -> 0 | CE8: =ROUND(SUM('P&L Class_ALL'!CE5:'P&L Class_ALL'!CE7),5) -> 0 | CG8: =ROUND(SUM('P&L Class_ALL'!BI8:'P&L Class_ALL'!CE8),5) -> 0 | CI8: =ROUND(SUM('P&L Class_ALL'!CI5:'P&L Class_ALL'!CI7),5) -> 0 | CK8: =ROUND(SUM('P&L Class_ALL'!CK5:'P&L Class_ALL'!CK7),5) -> 0 | CM8: =ROUND(SUM('P&L Class_ALL'!CM5:'P&L Class_ALL'!CM7),5) -> 0 | CO8: =ROUND(SUM('P&L Class_ALL'!CI8:'P&L Class_ALL'!CM8),5) -> 0 | CQ8: =ROUND(SUM('P&L Class_ALL'!CQ5:'P&L Class_ALL'!CQ7),5) -> 0 | CS8: =ROUND(SUM('P&L Class_ALL'!CS5:'P&L Class_ALL'!CS7),5) -> 0 | CU8: =ROUND(SUM('P&L Class_ALL'!CU5:'P&L Class_ALL'!CU7),5) -> 0 | CW8: =ROUND(SUM('P&L Class_ALL'!CW5:'P&L Class_ALL'!CW7),5) -> 0 | CY8: =ROUND(SUM('P&L Class_ALL'!CQ8:'P&L Class_ALL'!CW8),5) -> 0 | DA8: =ROUND(SUM('P&L Class_ALL'!DA5:'P&L Class_ALL'!DA7),5) -> 0 | DC8: =ROUND(SUM('P&L Class_ALL'!DC5:'P&L Class_ALL'!DC7),5) -> 0 | DE8: =ROUND(SUM('P&L Class_ALL'!DE5:'P&L Class_ALL'!DE7),5) -> 0 | DG8: =ROUND(SUM('P&L Class_ALL'!DG5:'P&L Class_ALL'!DG7),5) -> 17138.18 | DI8: =ROUND(SUM('P&L Class_ALL'!DI5:'P&L Class_ALL'!DI7),5) -> 21800 | DK8: =ROUND(SUM('P&L Class_ALL'!DK5:'P&L Class_ALL'!DK7),5) -> 18825.45 | DM8: =ROUND(SUM('P&L Class_ALL'!DM5:'P&L Class_ALL'!DM7),5) -> 18178.18 | DO8: =ROUND(SUM('P&L Class_ALL'!DO5:'P&L Class_ALL'!DO7),5) -> 16956.36 | DQ8: =ROUND(SUM('P&L Class_ALL'!DQ5:'P&L Class_ALL'!DQ7),5) -> 0 | DS8: =ROUND(SUM('P&L Class_ALL'!DG8:'P&L Class_ALL'!DQ8),5) -> 92898.17 | DU8: =ROUND(SUM('P&L Class_ALL'!DU5:'P&L Class_ALL'!DU7),5) -> 0 | DW8: =ROUND(SUM('P&L Class_ALL'!DW5:'P&L Class_ALL'!DW7),5) -> 0 | DY8: =ROUND(SUM('P&L Class_ALL'!DU8:'P&L Class_ALL'!DW8),5) -> 0 | EA8: =ROUND(SUM('P&L Class_ALL'!EA5:'P&L Class_ALL'!EA7),5) -> 0 | EC8: =ROUND(SUM('P&L Class_ALL'!EC5:'P&L Class_ALL'!EC7),5) -> 200 | EE8: =ROUND(SUM('P&L Class_ALL'!EE5:'P&L Class_ALL'!EE7),5) -> 0 | EG8: =ROUND(SUM('P&L Class_ALL'!EG5:'P&L Class_ALL'!EG7),5) -> 0 | EI8: =ROUND(SUM('P&L Class_ALL'!EI5:'P&L Class_ALL'!EI7),5) -> 318.18 | EK8: =ROUND('P&L Class_ALL'!E8+SUM('P&L Class_ALL'!R8:'P&L Class_ALL'!X8)+SUM('P&L Class_ALL'!AG8:'P&L Class_ALL'!AY8)+SUM('P&L Class_ALL'!BE8:'P&L Class_ALL'!BG8)+'P&L Class_ALL'!CG8+'P&L Class_ALL'!CO8+SUM('P&L Class_ALL'!CY8:'P&L Class_ALL'!DE8)+'P&L Class_ALL'!DS8+SUM('P&L Class_ALL'!DY8:'P&L Class_ALL'!EI8),5) -> 93416.35
C9: Non-Member Registrations | E9: 0 | G9: 0 | H9: 0 | J9: 0 | L9: 0 | N9: 0 | P9: 0 | R9: =ROUND(SUM('P&L Class_ALL'!H9:'P&L Class_ALL'!P9),5) -> 0 | T9: 0 | V9: 0 | X9: 0 | Z9: 0 | AA9: 0 | AC9: 0 | AE9: 0 | AG9: =ROUND(SUM('P&L Class_ALL'!Z9:'P&L Class_ALL'!AA9),5) -> 0 | AI9: 0 | AK9: 0 | AM9: 0 | AO9: 0 | AQ9: 0 | AS9: 0 | AU9: 0 | AW9: 0 | AY9: 0 | BA9: 0 | BC9: 0 | BE9: =ROUND(SUM('P&L Class_ALL'!BA9:'P&L Class_ALL'!BC9),5) -> 0 | BG9: 0 | BI9: 0 | BK9: 0 | BM9: 0 | BO9: 0 | BQ9: 0 | BS9: 0 | BU9: 0 | BW9: 2727.27 | BY9: 0 | CA9: 0 | CC9: 0 | CE9: 0 | CG9: =ROUND(SUM('P&L Class_ALL'!BI9:'P&L Class_ALL'!CE9),5) -> 2727.27 | CI9: 0 | CK9: 0 | CM9: 0 | CO9: =ROUND(SUM('P&L Class_ALL'!CI9:'P&L Class_ALL'!CM9),5) -> 0 | CQ9: 0 | CS9: 0 | CU9: 0 | CW9: 0 | CY9: =ROUND(SUM('P&L Class_ALL'!CQ9:'P&L Class_ALL'!CW9),5) -> 0 | DA9: 0 | DC9: 0 | DE9: 0 | DG9: 0 | DI9: 0 | DK9: 0 | DM9: 0 | DO9: 0 | DQ9: 0 | DS9: =ROUND(SUM('P&L Class_ALL'!DG9:'P&L Class_ALL'!DQ9),5) -> 0 | DU9: 0 | DW9: 81.82 | DY9: =ROUND(SUM('P&L Class_ALL'!DU9:'P&L Class_ALL'!DW9),5) -> 81.82 | EA9: 0 | EC9: 0 | EE9: 0 | EG9: 0 | EI9: 0 | EK9: =ROUND('P&L Class_ALL'!E9+SUM('P&L Class_ALL'!R9:'P&L Class_ALL'!X9)+SUM('P&L Class_ALL'!AG9:'P&L Class_ALL'!AY9)+SUM('P&L Class_ALL'!BE9:'P&L Class_ALL'!BG9)+'P&L Class_ALL'!CG9+'P&L Class_ALL'!CO9+SUM('P&L Class_ALL'!CY9:'P&L Class_ALL'!DE9)+'P&L Class_ALL'!DS9+SUM('P&L Class_ALL'!DY9:'P&L Class_ALL'!EI9),5) -> 2809.09
C10: Other Industry Grants | E10: 0 | G10: 0 | H10: 0 | J10: 0 | L10: 0 | N10: 0 | P10: 0 | R10: =ROUND(SUM('P&L Class_ALL'!H10:'P&L Class_ALL'!P10),5) -> 0 | T10: 0 | V10: 10000 | X10: 0 | Z10: 0 | AA10: 2000 | AC10: 0 | AE10: 0 | AG10: =ROUND(SUM('P&L Class_ALL'!Z10:'P&L Class_ALL'!AA10),5) -> 2000 | AI10: 0 | AK10: 0 | AM10: 0 | AO10: 0 | AQ10: 0 | AS10: 11290 | AU10: 0 | AW10: 14580 | AY10: 0 | BA10: 0 | BC10: 19363.64 | BE10: =ROUND(SUM('P&L Class_ALL'!BA10:'P&L Class_ALL'!BC10),5) -> 19363.64 | BG10: 5000 | BI10: 5000 | BK10: 0 | BM10: 0 | BO10: 0 | BQ10: 0 | BS10: 0 | BU10: 0 | BW10: 0 | BY10: 0 | CA10: 0 | CC10: 0 | CE10: 0 | CG10: =ROUND(SUM('P&L Class_ALL'!BI10:'P&L Class_ALL'!CE10),5) -> 5000 | CI10: 18292.36 | CK10: 15799.6 | CM10: 0 | CO10: =ROUND(SUM('P&L Class_ALL'!CI10:'P&L Class_ALL'!CM10),5) -> 34091.96 | CQ10: 0 | CS10: 0 | CU10: 0 | CW10: 0 | CY10: =ROUND(SUM('P&L Class_ALL'!CQ10:'P&L Class_ALL'!CW10),5) -> 0 | DA10: 16700 | DC10: 0 | DE10: 0 | DG10: 0 | DI10: 0 | DK10: 0 | DM10: 0 | DO10: 0 | DQ10: 0 | DS10: =ROUND(SUM('P&L Class_ALL'!DG10:'P&L Class_ALL'!DQ10),5) -> 0 | DU10: 0 | DW10: 0 | DY10: =ROUND(SUM('P&L Class_ALL'!DU10:'P&L Class_ALL'!DW10),5) -> 0 | EA10: 0 | EC10: 0 | EE10: 135467 | EG10: 0 | EI10: 0 | EK10: =ROUND('P&L Class_ALL'!E10+SUM('P&L Class_ALL'!R10:'P&L Class_ALL'!X10)+SUM('P&L Class_ALL'!AG10:'P&L Class_ALL'!AY10)+SUM('P&L Class_ALL'!BE10:'P&L Class_ALL'!BG10)+'P&L Class_ALL'!CG10+'P&L Class_ALL'!CO10+SUM('P&L Class_ALL'!CY10:'P&L Class_ALL'!DE10)+'P&L Class_ALL'!DS10+SUM('P&L Class_ALL'!DY10:'P&L Class_ALL'!EI10),5) -> 253492.6
C11: Sponsorship | E11: 0 | G11: 0 | H11: 0 | J11: 0 | L11: 0 | N11: 0 | P11: 0 | R11: =ROUND(SUM('P&L Class_ALL'!H11:'P&L Class_ALL'!P11),5) -> 0 | T11: 0 | V11: 0 | X11: 0 | Z11: 0 | AA11: 1000 | AC11: 0 | AE11: 0 | AG11: =ROUND(SUM('P&L Class_ALL'!Z11:'P&L Class_ALL'!AA11),5) -> 1000 | AI11: 0 | AK11: 0 | AM11: 0 | AO11: 0 | AQ11: 0 | AS11: 0 | AU11: 0 | AW11: 0 | AY11: 0 | BA11: 0 | BC11: 0 | BE11: =ROUND(SUM('P&L Class_ALL'!BA11:'P&L Class_ALL'!BC11),5) -> 0 | BG11: 0 | BI11: 0 | BK11: 0 | BM11: 0 | BO11: 0 | BQ11: 0 | BS11: 0 | BU11: 0 | BW11: 0 | BY11: 0 | CA11: 0 | CC11: 0 | CE11: 0 | CG11: =ROUND(SUM('P&L Class_ALL'!BI11:'P&L Class_ALL'!CE11),5) -> 0 | CI11: 0 | CK11: 0 | CM11: 0 | CO11: =ROUND(SUM('P&L Class_ALL'!CI11:'P&L Class_ALL'!CM11),5) -> 0 | CQ11: 0 | CS11: 0 | CU11: 0 | CW11: 0 | CY11: =ROUND(SUM('P&L Class_ALL'!CQ11:'P&L Class_ALL'!CW11),5) -> 0 | DA11: 0 | DC11: 0 | DE11: 0 | DG11: 0 | DI11: 0 | DK11: 0 | DM11: 0 | DO11: 0 | DQ11: 0 | DS11: =ROUND(SUM('P&L Class_ALL'!DG11:'P&L Class_ALL'!DQ11),5) -> 0 | DU11: 3000 | DW11: 0 | DY11: =ROUND(SUM('P&L Class_ALL'!DU11:'P&L Class_ALL'!DW11),5) -> 3000 | EA11: 0 | EC11: 0 | EE11: 0 | EG11: 41909.09 | EI11: 0 | EK11: =ROUND('P&L Class_ALL'!E11+SUM('P&L Class_ALL'!R11:'P&L Class_ALL'!X11)+SUM('P&L Class_ALL'!AG11:'P&L Class_ALL'!AY11)+SUM('P&L Class_ALL'!BE11:'P&L Class_ALL'!BG11)+'P&L Class_ALL'!CG11+'P&L Class_ALL'!CO11+SUM('P&L Class_ALL'!CY11:'P&L Class_ALL'!DE11)+'P&L Class_ALL'!DS11+SUM('P&L Class_ALL'!DY11:'P&L Class_ALL'!EI11),5) -> 45909.09
C12: Training Income | E12: 0 | G12: 0 | H12: 0 | J12: 0 | L12: 0 | N12: 0 | P12: 0 | R12: =ROUND(SUM('P&L Class_ALL'!H12:'P&L Class_ALL'!P12),5) -> 0 | T12: 0 | V12: 0 | X12: 0 | Z12: 0 | AA12: 0 | AC12: 0 | AE12: 0 | AG12: =ROUND(SUM('P&L Class_ALL'!Z12:'P&L Class_ALL'!AA12),5) -> 0 | AI12: 0 | AK12: 0 | AM12: 0 | AO12: 0 | AQ12: 0 | AS12: 0 | AU12: 0 | AW12: 0 | AY12: 0 | BA12: 0 | BC12: 0 | BE12: =ROUND(SUM('P&L Class_ALL'!BA12:'P&L Class_ALL'!BC12),5) -> 0 | BG12: 0 | BI12: 0 | BK12: 0 | BM12: 0 | BO12: 0 | BQ12: 500 | BS12: 0 | BU12: 0 | BW12: 0 | BY12: 0 | CA12: 0 | CC12: 0 | CE12: 0 | CG12: =ROUND(SUM('P&L Class_ALL'!BI12:'P&L Class_ALL'!CE12),5) -> 500 | CI12: 0 | CK12: 0 | CM12: 0 | CO12: =ROUND(SUM('P&L Class_ALL'!CI12:'P&L Class_ALL'!CM12),5) -> 0 | CQ12: 1995 | CS12: 0 | CU12: 485 | CW12: 105 | CY12: =ROUND(SUM('P&L Class_ALL'!CQ12:'P&L Class_ALL'!CW12),5) -> 2585 | DA12: 0 | DC12: 0 | DE12: 0 | DG12: 0 | DI12: 0 | DK12: 0 | DM12: 0 | DO12: 0 | DQ12: 0 | DS12: =ROUND(SUM('P&L Class_ALL'!DG12:'P&L Class_ALL'!DQ12),5) -> 0 | DU12: 0 | DW12: 0 | DY12: =ROUND(SUM('P&L Class_ALL'!DU12:'P&L Class_ALL'!DW12),5) -> 0 | EA12: 0 | EC12: 0 | EE12: 0 | EG12: 0 | EI12: 0 | EK12: =ROUND('P&L Class_ALL'!E12+SUM('P&L Class_ALL'!R12:'P&L Class_ALL'!X12)+SUM('P&L Class_ALL'!AG12:'P&L Class_ALL'!AY12)+SUM('P&L Class_ALL'!BE12:'P&L Class_ALL'!BG12)+'P&L Class_ALL'!CG12+'P&L Class_ALL'!CO12+SUM('P&L Class_ALL'!CY12:'P&L Class_ALL'!DE12)+'P&L Class_ALL'!DS12+SUM('P&L Class_ALL'!DY12:'P&L Class_ALL'!EI12),5) -> 3085
C13: Wool sales | E13: 0 | G13: 0 | H13: 0 | J13: 0 | L13: 0 | N13: 0 | P13: 0 | R13: =ROUND(SUM('P&L Class_ALL'!H13:'P&L Class_ALL'!P13),5) -> 0 | T13: 0 | V13: 0 | X13: 0 | Z13: 0 | AA13: 0 | AC13: 0 | AE13: 0 | AG13: =ROUND(SUM('P&L Class_ALL'!Z13:'P&L Class_ALL'!AA13),5) -> 0 | AI13: 0 | AK13: 0 | AM13: 0 | AO13: 0 | AQ13: 0 | AS13: 0 | AU13: 0 | AW13: 0 | AY13: 0 | BA13: 0 | BC13: 0 | BE13: =ROUND(SUM('P&L Class_ALL'!BA13:'P&L Class_ALL'!BC13),5) -> 0 | BG13: 0 | BI13: 0 | BK13: 0 | BM13: 0 | BO13: 0 | BQ13: 0 | BS13: 0 | BU13: 0 | BW13: 0 | BY13: 0 | CA13: 0 | CC13: 0 | CE13: 0 | CG13: =ROUND(SUM('P&L Class_ALL'!BI13:'P&L Class_ALL'!CE13),5) -> 0 | CI13: 0 | CK13: 0 | CM13: 0 | CO13: =ROUND(SUM('P&L Class_ALL'!CI13:'P&L Class_ALL'!CM13),5) -> 0 | CQ13: 0 | CS13: 0 | CU13: 0 | CW13: 0 | CY13: =ROUND(SUM('P&L Class_ALL'!CQ13:'P&L Class_ALL'!CW13),5) -> 0 | DA13: 0 | DC13: 0 | DE13: 0 | DG13: 0 | DI13: 0 | DK13: 0 | DM13: 0 | DO13: 0 | DQ13: 0 | DS13: =ROUND(SUM('P&L Class_ALL'!DG13:'P&L Class_ALL'!DQ13),5) -> 0 | DU13: 6566.9 | DW13: 0 | DY13: =ROUND(SUM('P&L Class_ALL'!DU13:'P&L Class_ALL'!DW13),5) -> 6566.9 | EA13: 0 | EC13: 0 | EE13: 0 | EG13: 0 | EI13: 0 | EK13: =ROUND('P&L Class_ALL'!E13+SUM('P&L Class_ALL'!R13:'P&L Class_ALL'!X13)+SUM('P&L Class_ALL'!AG13:'P&L Class_ALL'!AY13)+SUM('P&L Class_ALL'!BE13:'P&L Class_ALL'!BG13)+'P&L Class_ALL'!CG13+'P&L Class_ALL'!CO13+SUM('P&L Class_ALL'!CY13:'P&L Class_ALL'!DE13)+'P&L Class_ALL'!DS13+SUM('P&L Class_ALL'!DY13:'P&L Class_ALL'!EI13),5) -> 6566.9
C14: 4-0200 · Bank Intrest | E14: 0 | G14: 0 | H14: 0 | J14: 0 | L14: 0 | N14: 0 | P14: 0 | R14: =ROUND(SUM('P&L Class_ALL'!H14:'P&L Class_ALL'!P14),5) -> 0 | T14: 0 | V14: 0 | X14: 0 | Z14: 0 | AA14: 0 | AC14: 0 | AE14: 0 | AG14: =ROUND(SUM('P&L Class_ALL'!Z14:'P&L Class_ALL'!AA14),5) -> 0 | AI14: 0 | AK14: 0 | AM14: 0 | AO14: 0 | AQ14: 0 | AS14: 0 | AU14: 7059.41 | AW14: 0 | AY14: 0 | BA14: 0 | BC14: 0 | BE14: =ROUND(SUM('P&L Class_ALL'!BA14:'P&L Class_ALL'!BC14),5) -> 0 | BG14: 0 | BI14: 0 | BK14: 0 | BM14: 0 | BO14: 0 | BQ14: 0 | BS14: 0 | BU14: 0 | BW14: 0 | BY14: 0 | CA14: 0 | CC14: 0 | CE14: 0 | CG14: =ROUND(SUM('P&L Class_ALL'!BI14:'P&L Class_ALL'!CE14),5) -> 0 | CI14: 0 | CK14: 0 | CM14: 0 | CO14: =ROUND(SUM('P&L Class_ALL'!CI14:'P&L Class_ALL'!CM14),5) -> 0 | CQ14: 0 | CS14: 0 | CU14: 0 | CW14: 0 | CY14: =ROUND(SUM('P&L Class_ALL'!CQ14:'P&L Class_ALL'!CW14),5) -> 0 | DA14: 0 | DC14: 0 | DE14: 0 | DG14: 0 | DI14: 0 | DK14: 0 | DM14: 0 | DO14: 0 | DQ14: 0 | DS14: =ROUND(SUM('P&L Class_ALL'!DG14:'P&L Class_ALL'!DQ14),5) -> 0 | DU14: 0 | DW14: 0 | DY14: =ROUND(SUM('P&L Class_ALL'!DU14:'P&L Class_ALL'!DW14),5) -> 0 | EA14: 0 | EC14: 0 | EE14: 0 | EG14: 0 | EI14: 0 | EK14: =ROUND('P&L Class_ALL'!E14+SUM('P&L Class_ALL'!R14:'P&L Class_ALL'!X14)+SUM('P&L Class_ALL'!AG14:'P&L Class_ALL'!AY14)+SUM('P&L Class_ALL'!BE14:'P&L Class_ALL'!BG14)+'P&L Class_ALL'!CG14+'P&L Class_ALL'!CO14+SUM('P&L Class_ALL'!CY14:'P&L Class_ALL'!DE14)+'P&L Class_ALL'!DS14+SUM('P&L Class_ALL'!DY14:'P&L Class_ALL'!EI14),5) -> 7059.41
C15: 4-0400 · Reimbursed Expenses | E15: 0 | G15: 0 | H15: 0 | J15: 0 | L15: 0 | N15: 0 | P15: 0 | R15: =ROUND(SUM('P&L Class_ALL'!H15:'P&L Class_ALL'!P15),5) -> 0 | T15: 0 | V15: 0 | X15: 0 | Z15: 0 | AA15: 0 | AC15: 0 | AE15: 372.96 | AG15: =ROUND(SUM('P&L Class_ALL'!Z15:'P&L Class_ALL'!AA15),5) -> 0 | AI15: 0 | AK15: 7610 | AM15: 0 | AO15: 0 | AQ15: 0 | AS15: 0 | AU15: 0 | AW15: 4210.91 | AY15: 0 | BA15: 0 | BC15: 0 | BE15: =ROUND(SUM('P&L Class_ALL'!BA15:'P&L Class_ALL'!BC15),5) -> 0 | BG15: 0 | BI15: 0 | BK15: 1281 | BM15: 0 | BO15: 0 | BQ15: 0 | BS15: 0 | BU15: 0 | BW15: 600 | BY15: 0 | CA15: 0 | CC15: 0 | CE15: 0 | CG15: =ROUND(SUM('P&L Class_ALL'!BI15:'P&L Class_ALL'!CE15),5) -> 1881 | CI15: 392 | CK15: 0 | CM15: 0 | CO15: =ROUND(SUM('P&L Class_ALL'!CI15:'P&L Class_ALL'!CM15),5) -> 392 | CQ15: 0 | CS15: 0 | CU15: 0 | CW15: 0 | CY15: =ROUND(SUM('P&L Class_ALL'!CQ15:'P&L Class_ALL'!CW15),5) -> 0 | DA15: 0 | DC15: 0 | DE15: 0 | DG15: 0 | DI15: 0 | DK15: 0 | DM15: 0 | DO15: 0 | DQ15: 0 | DS15: =ROUND(SUM('P&L Class_ALL'!DG15:'P&L Class_ALL'!DQ15),5) -> 0 | DU15: 0 | DW15: 0 | DY15: =ROUND(SUM('P&L Class_ALL'!DU15:'P&L Class_ALL'!DW15),5) -> 0 | EA15: 0 | EC15: 0 | EE15: 251.8 | EG15: 0 | EI15: 0 | EK15: =ROUND('P&L Class_ALL'!E15+SUM('P&L Class_ALL'!R15:'P&L Class_ALL'!X15)+SUM('P&L Class_ALL'!AG15:'P&L Class_ALL'!AY15)+SUM('P&L Class_ALL'!BE15:'P&L Class_ALL'!BG15)+'P&L Class_ALL'!CG15+'P&L Class_ALL'!CO15+SUM('P&L Class_ALL'!CY15:'P&L Class_ALL'!DE15)+'P&L Class_ALL'!DS15+SUM('P&L Class_ALL'!DY15:'P&L Class_ALL'!EI15),5) -> 14345.71
B16: Total Income | E16: =ROUND(SUM('P&L Class_ALL'!E3:'P&L Class_ALL'!E4)+SUM('P&L Class_ALL'!E8:'P&L Class_ALL'!E15),5) -> 0 | G16: =ROUND(SUM('P&L Class_ALL'!G3:'P&L Class_ALL'!G4)+SUM('P&L Class_ALL'!G8:'P&L Class_ALL'!G15),5) -> 0 | H16: =ROUND(SUM('P&L Class_ALL'!H3:'P&L Class_ALL'!H4)+SUM('P&L Class_ALL'!H8:'P&L Class_ALL'!H15),5) -> 0 | J16: =ROUND(SUM('P&L Class_ALL'!J3:'P&L Class_ALL'!J4)+SUM('P&L Class_ALL'!J8:'P&L Class_ALL'!J15),5) -> 0 | L16: =ROUND(SUM('P&L Class_ALL'!L3:'P&L Class_ALL'!L4)+SUM('P&L Class_ALL'!L8:'P&L Class_ALL'!L15),5) -> 0 | N16: =ROUND(SUM('P&L Class_ALL'!N3:'P&L Class_ALL'!N4)+SUM('P&L Class_ALL'!N8:'P&L Class_ALL'!N15),5) -> 0 | P16: =ROUND(SUM('P&L Class_ALL'!P3:'P&L Class_ALL'!P4)+SUM('P&L Class_ALL'!P8:'P&L Class_ALL'!P15),5) -> 0 | R16: =ROUND(SUM('P&L Class_ALL'!H16:'P&L Class_ALL'!P16),5) -> 0 | T16: =ROUND(SUM('P&L Class_ALL'!T3:'P&L Class_ALL'!T4)+SUM('P&L Class_ALL'!T8:'P&L Class_ALL'!T15),5) -> 0 | V16: =ROUND(SUM('P&L Class_ALL'!V3:'P&L Class_ALL'!V4)+SUM('P&L Class_ALL'!V8:'P&L Class_ALL'!V15),5) -> 10000 | X16: =ROUND(SUM('P&L Class_ALL'!X3:'P&L Class_ALL'!X4)+SUM('P&L Class_ALL'!X8:'P&L Class_ALL'!X15),5) -> 0 | Z16: =ROUND(SUM('P&L Class_ALL'!Z3:'P&L Class_ALL'!Z4)+SUM('P&L Class_ALL'!Z8:'P&L Class_ALL'!Z15),5) -> 0 | AA16: =ROUND(SUM('P&L Class_ALL'!AA3:'P&L Class_ALL'!AA4)+SUM('P&L Class_ALL'!AA8:'P&L Class_ALL'!AA15),5) -> 3000 | AC16: =ROUND(SUM('P&L Class_ALL'!AC3:'P&L Class_ALL'!AC4)+SUM('P&L Class_ALL'!AC8:'P&L Class_ALL'!AC15),5) -> 0 | AE16: =ROUND(SUM('P&L Class_ALL'!AE3:'P&L Class_ALL'!AE4)+SUM('P&L Class_ALL'!AE8:'P&L Class_ALL'!AE15),5) -> 6872.96 | AG16: =ROUND(SUM('P&L Class_ALL'!Z16:'P&L Class_ALL'!AA16),5) -> 3000 | AI16: =ROUND(SUM('P&L Class_ALL'!AI3:'P&L Class_ALL'!AI4)+SUM('P&L Class_ALL'!AI8:'P&L Class_ALL'!AI15),5) -> 35425 | AK16: =ROUND(SUM('P&L Class_ALL'!AK3:'P&L Class_ALL'!AK4)+SUM('P&L Class_ALL'!AK8:'P&L Class_ALL'!AK15),5) -> 7610 | AM16: =ROUND(SUM('P&L Class_ALL'!AM3:'P&L Class_ALL'!AM4)+SUM('P&L Class_ALL'!AM8:'P&L Class_ALL'!AM15),5) -> 18300 | AO16: =ROUND(SUM('P&L Class_ALL'!AO3:'P&L Class_ALL'!AO4)+SUM('P&L Class_ALL'!AO8:'P&L Class_ALL'!AO15),5) -> 0 | AQ16: =ROUND(SUM('P&L Class_ALL'!AQ3:'P&L Class_ALL'!AQ4)+SUM('P&L Class_ALL'!AQ8:'P&L Class_ALL'!AQ15),5) -> 0 | AS16: =ROUND(SUM('P&L Class_ALL'!AS3:'P&L Class_ALL'!AS4)+SUM('P&L Class_ALL'!AS8:'P&L Class_ALL'!AS15),5) -> 11290 | AU16: =ROUND(SUM('P&L Class_ALL'!AU3:'P&L Class_ALL'!AU4)+SUM('P&L Class_ALL'!AU8:'P&L Class_ALL'!AU15),5) -> 7059.41 | AW16: =ROUND(SUM('P&L Class_ALL'!AW3:'P&L Class_ALL'!AW4)+SUM('P&L Class_ALL'!AW8:'P&L Class_ALL'!AW15),5) -> 18790.91 | AY16: =ROUND(SUM('P&L Class_ALL'!AY3:'P&L Class_ALL'!AY4)+SUM('P&L Class_ALL'!AY8:'P&L Class_ALL'!AY15),5) -> 184109 | BA16: =ROUND(SUM('P&L Class_ALL'!BA3:'P&L Class_ALL'!BA4)+SUM('P&L Class_ALL'!BA8:'P&L Class_ALL'!BA15),5) -> 0 | BC16: =ROUND(SUM('P&L Class_ALL'!BC3:'P&L Class_ALL'!BC4)+SUM('P&L Class_ALL'!BC8:'P&L Class_ALL'!BC15),5) -> 19363.64 | BE16: =ROUND(SUM('P&L Class_ALL'!BA16:'P&L Class_ALL'!BC16),5) -> 19363.64 | BG16: =ROUND(SUM('P&L Class_ALL'!BG3:'P&L Class_ALL'!BG4)+SUM('P&L Class_ALL'!BG8:'P&L Class_ALL'!BG15),5) -> 5000 | BI16: =ROUND(SUM('P&L Class_ALL'!BI3:'P&L Class_ALL'!BI4)+SUM('P&L Class_ALL'!BI8:'P&L Class_ALL'!BI15),5) -> 5000 | BK16: =ROUND(SUM('P&L Class_ALL'!BK3:'P&L Class_ALL'!BK4)+SUM('P&L Class_ALL'!BK8:'P&L Class_ALL'!BK15),5) -> 1281 | BM16: =ROUND(SUM('P&L Class_ALL'!BM3:'P&L Class_ALL'!BM4)+SUM('P&L Class_ALL'!BM8:'P&L Class_ALL'!BM15),5) -> 0 | BO16: =ROUND(SUM('P&L Class_ALL'!BO3:'P&L Class_ALL'!BO4)+SUM('P&L Class_ALL'!BO8:'P&L Class_ALL'!BO15),5) -> 0 | BQ16: =ROUND(SUM('P&L Class_ALL'!BQ3:'P&L Class_ALL'!BQ4)+SUM('P&L Class_ALL'!BQ8:'P&L Class_ALL'!BQ15),5) -> 500 | BS16: =ROUND(SUM('P&L Class_ALL'!BS3:'P&L Class_ALL'!BS4)+SUM('P&L Class_ALL'!BS8:'P&L Class_ALL'!BS15),5) -> 0 | BU16: =ROUND(SUM('P&L Class_ALL'!BU3:'P&L Class_ALL'!BU4)+SUM('P&L Class_ALL'!BU8:'P&L Class_ALL'!BU15),5) -> 0 | BW16: =ROUND(SUM('P&L Class_ALL'!BW3:'P&L Class_ALL'!BW4)+SUM('P&L Class_ALL'!BW8:'P&L Class_ALL'!BW15),5) -> 3327.27 | BY16: =ROUND(SUM('P&L Class_ALL'!BY3:'P&L Class_ALL'!BY4)+SUM('P&L Class_ALL'!BY8:'P&L Class_ALL'!BY15),5) -> 0 | CA16: =ROUND(SUM('P&L Class_ALL'!CA3:'P&L Class_ALL'!CA4)+SUM('P&L Class_ALL'!CA8:'P&L Class_ALL'!CA15),5) -> 0 | CC16: =ROUND(SUM('P&L Class_ALL'!CC3:'P&L Class_ALL'!CC4)+SUM('P&L Class_ALL'!CC8:'P&L Class_ALL'!CC15),5) -> 0 | CE16: =ROUND(SUM('P&L Class_ALL'!CE3:'P&L Class_ALL'!CE4)+SUM('P&L Class_ALL'!CE8:'P&L Class_ALL'!CE15),5) -> 0 | CG16: =ROUND(SUM('P&L Class_ALL'!BI16:'P&L Class_ALL'!CE16),5) -> 10108.27 | CI16: =ROUND(SUM('P&L Class_ALL'!CI3:'P&L Class_ALL'!CI4)+SUM('P&L Class_ALL'!CI8:'P&L Class_ALL'!CI15),5) -> 18684.36 | CK16: =ROUND(SUM('P&L Class_ALL'!CK3:'P&L Class_ALL'!CK4)+SUM('P&L Class_ALL'!CK8:'P&L Class_ALL'!CK15),5) -> 15799.6 | CM16: =ROUND(SUM('P&L Class_ALL'!CM3:'P&L Class_ALL'!CM4)+SUM('P&L Class_ALL'!CM8:'P&L Class_ALL'!CM15),5) -> 0 | CO16: =ROUND(SUM('P&L Class_ALL'!CI16:'P&L Class_ALL'!CM16),5) -> 34483.96 | CQ16: =ROUND(SUM('P&L Class_ALL'!CQ3:'P&L Class_ALL'!CQ4)+SUM('P&L Class_ALL'!CQ8:'P&L Class_ALL'!CQ15),5) -> 82336.9 | CS16: =ROUND(SUM('P&L Class_ALL'!CS3:'P&L Class_ALL'!CS4)+SUM('P&L Class_ALL'!CS8:'P&L Class_ALL'!CS15),5) -> 6000 | CU16: =ROUND(SUM('P&L Class_ALL'!CU3:'P&L Class_ALL'!CU4)+SUM('P&L Class_ALL'!CU8:'P&L Class_ALL'!CU15),5) -> 12921.36 | CW16: =ROUND(SUM('P&L Class_ALL'!CW3:'P&L Class_ALL'!CW4)+SUM('P&L Class_ALL'!CW8:'P&L Class_ALL'!CW15),5) -> 105 | CY16: =ROUND(SUM('P&L Class_ALL'!CQ16:'P&L Class_ALL'!CW16),5) -> 101363.26 | DA16: =ROUND(SUM('P&L Class_ALL'!DA3:'P&L Class_ALL'!DA4)+SUM('P&L Class_ALL'!DA8:'P&L Class_ALL'!DA15),5) -> 16700 | DC16: =ROUND(SUM('P&L Class_ALL'!DC3:'P&L Class_ALL'!DC4)+SUM('P&L Class_ALL'!DC8:'P&L Class_ALL'!DC15),5) -> 0 | DE16: =ROUND(SUM('P&L Class_ALL'!DE3:'P&L Class_ALL'!DE4)+SUM('P&L Class_ALL'!DE8:'P&L Class_ALL'!DE15),5) -> 0 | DG16: =ROUND(SUM('P&L Class_ALL'!DG3:'P&L Class_ALL'!DG4)+SUM('P&L Class_ALL'!DG8:'P&L Class_ALL'!DG15),5) -> 17138.18 | DI16: =ROUND(SUM('P&L Class_ALL'!DI3:'P&L Class_ALL'!DI4)+SUM('P&L Class_ALL'!DI8:'P&L Class_ALL'!DI15),5) -> 21800 | DK16: =ROUND(SUM('P&L Class_ALL'!DK3:'P&L Class_ALL'!DK4)+SUM('P&L Class_ALL'!DK8:'P&L Class_ALL'!DK15),5) -> 18825.45 | DM16: =ROUND(SUM('P&L Class_ALL'!DM3:'P&L Class_ALL'!DM4)+SUM('P&L Class_ALL'!DM8:'P&L Class_ALL'!DM15),5) -> 18178.18 | DO16: =ROUND(SUM('P&L Class_ALL'!DO3:'P&L Class_ALL'!DO4)+SUM('P&L Class_ALL'!DO8:'P&L Class_ALL'!DO15),5) -> 16956.36 | DQ16: =ROUND(SUM('P&L Class_ALL'!DQ3:'P&L Class_ALL'!DQ4)+SUM('P&L Class_ALL'!DQ8:'P&L Class_ALL'!DQ15),5) -> 0 | DS16: =ROUND(SUM('P&L Class_ALL'!DG16:'P&L Class_ALL'!DQ16),5) -> 92898.17 | DU16: =ROUND(SUM('P&L Class_ALL'!DU3:'P&L Class_ALL'!DU4)+SUM('P&L Class_ALL'!DU8:'P&L Class_ALL'!DU15),5) -> 9566.9 | DW16: =ROUND(SUM('P&L Class_ALL'!DW3:'P&L Class_ALL'!DW4)+SUM('P&L Class_ALL'!DW8:'P&L Class_ALL'!DW15),5) -> 81.82 | DY16: =ROUND(SUM('P&L Class_ALL'!DU16:'P&L Class_ALL'!DW16),5) -> 9648.72 | EA16: =ROUND(SUM('P&L Class_ALL'!EA3:'P&L Class_ALL'!EA4)+SUM('P&L Class_ALL'!EA8:'P&L Class_ALL'!EA15),5) -> 0 | EC16: =ROUND(SUM('P&L Class_ALL'!EC3:'P&L Class_ALL'!EC4)+SUM('P&L Class_ALL'!EC8:'P&L Class_ALL'!EC15),5) -> 200 | EE16: =ROUND(SUM('P&L Class_ALL'!EE3:'P&L Class_ALL'!EE4)+SUM('P&L Class_ALL'!EE8:'P&L Class_ALL'!EE15),5) -> 205718.8 | EG16: =ROUND(SUM('P&L Class_ALL'!EG3:'P&L Class_ALL'!EG4)+SUM('P&L Class_ALL'!EG8:'P&L Class_ALL'!EG15),5) -> 41909.09 | EI16: =ROUND(SUM('P&L Class_ALL'!EI3:'P&L Class_ALL'!EI4)+SUM('P&L Class_ALL'!EI8:'P&L Class_ALL'!EI15),5) -> 318.18 | EK16: =ROUND('P&L Class_ALL'!E16+SUM('P&L Class_ALL'!R16:'P&L Class_ALL'!X16)+SUM('P&L Class_ALL'!AG16:'P&L Class_ALL'!AY16)+SUM('P&L Class_ALL'!BE16:'P&L Class_ALL'!BG16)+'P&L Class_ALL'!CG16+'P&L Class_ALL'!CO16+SUM('P&L Class_ALL'!CY16:'P&L Class_ALL'!DE16)+'P&L Class_ALL'!DS16+SUM('P&L Class_ALL'!DY16:'P&L Class_ALL'!EI16),5) -> 833296.41
B17: Expense
C18: Advertising | E18: 0 | G18: 0 | H18: 530 | J18: 670 | L18: 505 | N18: 0 | P18: 0 | R18: =ROUND(SUM('P&L Class_ALL'!H18:'P&L Class_ALL'!P18),5) -> 1705 | T18: 0 | V18: 0 | X18: 0 | Z18: 693.5 | AA18: 1926.56 | AC18: 2393.48 | AE18: 1407.08 | AG18: =ROUND(SUM('P&L Class_ALL'!Z18:'P&L Class_ALL'!AA18),5) -> 2620.06 | AI18: 0 | AK18: 0 | AM18: 0 | AO18: 0 | AQ18: 0 | AS18: 0 | AU18: 0 | AW18: 0 | AY18: 126 | BA18: 0 | BC18: 0 | BE18: =ROUND(SUM('P&L Class_ALL'!BA18:'P&L Class_ALL'!BC18),5) -> 0 | BG18: 0 | BI18: 0 | BK18: 0 | BM18: 0 | BO18: 0 | BQ18: 0 | BS18: 0 | BU18: 0 | BW18: 1619.47 | BY18: 0 | CA18: 0 | CC18: 0 | CE18: 0 | CG18: =ROUND(SUM('P&L Class_ALL'!BI18:'P&L Class_ALL'!CE18),5) -> 1619.47 | CI18: 0 | CK18: 0 | CM18: 0 | CO18: =ROUND(SUM('P&L Class_ALL'!CI18:'P&L Class_ALL'!CM18),5) -> 0 | CQ18: 0 | CS18: 0 | CU18: 0 | CW18: 0 | CY18: =ROUND(SUM('P&L Class_ALL'!CQ18:'P&L Class_ALL'!CW18),5) -> 0 | DA18: 0 | DC18: 0 | DE18: 0 | DG18: 0 | DI18: 0 | DK18: 0 | DM18: 0 | DO18: 0 | DQ18: 50 | DS18: =ROUND(SUM('P&L Class_ALL'!DG18:'P&L Class_ALL'!DQ18),5) -> 50 | DU18: 0 | DW18: 173.76 | DY18: =ROUND(SUM('P&L Class_ALL'!DU18:'P&L Class_ALL'!DW18),5) -> 173.76 | EA18: 0 | EC18: 0 | EE18: 1000.73 | EG18: 54 | EI18: 0 | EK18: =ROUND('P&L Class_ALL'!E18+SUM('P&L Class_ALL'!R18:'P&L Class_ALL'!X18)+SUM('P&L Class_ALL'!AG18:'P&L Class_ALL'!AY18)+SUM('P&L Class_ALL'!BE18:'P&L Class_ALL'!BG18)+'P&L Class_ALL'!CG18+'P&L Class_ALL'!CO18+SUM('P&L Class_ALL'!CY18:'P&L Class_ALL'!DE18)+'P&L Class_ALL'!DS18+SUM('P&L Class_ALL'!DY18:'P&L Class_ALL'!EI18),5) -> 7349.02
C19: Board Meetings (Teleconference) | E19: 0 | G19: 0 | H19: 0 | J19: 0 | L19: 0 | N19: 0 | P19: 0 | R19: =ROUND(SUM('P&L Class_ALL'!H19:'P&L Class_ALL'!P19),5) -> 0 | T19: 0 | V19: 0 | X19: 0 | Z19: 0 | AA19: 0 | AC19: 0 | AE19: 0 | AG19: =ROUND(SUM('P&L Class_ALL'!Z19:'P&L Class_ALL'!AA19),5) -> 0 | AI19: 0 | AK19: 0 | AM19: 0 | AO19: 0 | AQ19: 1034.45 | AS19: 0 | AU19: 0 | AW19: 0 | AY19: 0 | BA19: 0 | BC19: 0 | BE19: =ROUND(SUM('P&L Class_ALL'!BA19:'P&L Class_ALL'!BC19),5) -> 0 | BG19: 0 | BI19: 0 | BK19: 0 | BM19: 0 | BO19: 0 | BQ19: 0 | BS19: 0 | BU19: 0 | BW19: 0 | BY19: 0 | CA19: 0 | CC19: 0 | CE19: 0 | CG19: =ROUND(SUM('P&L Class_ALL'!BI19:'P&L Class_ALL'!CE19),5) -> 0 | CI19: 0 | CK19: 0 | CM19: 0 | CO19: =ROUND(SUM('P&L Class_ALL'!CI19:'P&L Class_ALL'!CM19),5) -> 0 | CQ19: 0 | CS19: 0 | CU19: 0 | CW19: 0 | CY19: =ROUND(SUM('P&L Class_ALL'!CQ19:'P&L Class_ALL'!CW19),5) -> 0 | DA19: 0 | DC19: 0 | DE19: 0 | DG19: 0 | DI19: 0 | DK19: 0 | DM19: 0 | DO19: 0 | DQ19: 0 | DS19: =ROUND(SUM('P&L Class_ALL'!DG19:'P&L Class_ALL'!DQ19),5) -> 0 | DU19: 0 | DW19: 0 | DY19: =ROUND(SUM('P&L Class_ALL'!DU19:'P&L Class_ALL'!DW19),5) -> 0 | EA19: 754.74 | EC19: 0 | EE19: 3113.85 | EG19: 0 | EI19: 0 | EK19: =ROUND('P&L Class_ALL'!E19+SUM('P&L Class_ALL'!R19:'P&L Class_ALL'!X19)+SUM('P&L Class_ALL'!AG19:'P&L Class_ALL'!AY19)+SUM('P&L Class_ALL'!BE19:'P&L Class_ALL'!BG19)+'P&L Class_ALL'!CG19+'P&L Class_ALL'!CO19+SUM('P&L Class_ALL'!CY19:'P&L Class_ALL'!DE19)+'P&L Class_ALL'!DS19+SUM('P&L Class_ALL'!DY19:'P&L Class_ALL'!EI19),5) -> 4903.04
C20: Catering | E20: 302.49 | G20: 142.73 | H20: 186.68 | J20: 27.27 | L20: 520.27 | N20: 600 | P20: 0 | R20: =ROUND(SUM('P&L Class_ALL'!H20:'P&L Class_ALL'!P20),5) -> 1334.22 | T20: 0 | V20: 0 | X20: 0 | Z20: 0 | AA20: 0 | AC20: 108 | AE20: 124.27 | AG20: =ROUND(SUM('P&L Class_ALL'!Z20:'P&L Class_ALL'!AA20),5) -> 0 | AI20: 0 | AK20: 900 | AM20: 188.14 | AO20: 0 | AQ20: 1485 | AS20: 0 | AU20: 0 | AW20: 1575 | AY20: 668.18 | BA20: 0 | BC20: 747.82 | BE20: =ROUND(SUM('P&L Class_ALL'!BA20:'P&L Class_ALL'!BC20),5) -> 747.82 | BG20: 109.09 | BI20: 1970.91 | BK20: 1281 | BM20: 818.18 | BO20: 1307.09 | BQ20: 420 | BS20: 0 | BU20: 680 | BW20: 5020 | BY20: 0 | CA20: 1000 | CC20: 389.05 | CE20: 0 | CG20: =ROUND(SUM('P&L Class_ALL'!BI20:'P&L Class_ALL'!CE20),5) -> 12886.23 | CI20: 690.91 | CK20: 0 | CM20: 0 | CO20: =ROUND(SUM('P&L Class_ALL'!CI20:'P&L Class_ALL'!CM20),5) -> 690.91 | CQ20: 2535.16 | CS20: 0 | CU20: 572.73 | CW20: 0 | CY20: =ROUND(SUM('P&L Class_ALL'!CQ20:'P&L Class_ALL'!CW20),5) -> 3107.89 | DA20: 0 | DC20: 0 | DE20: 0 | DG20: 0 | DI20: 0 | DK20: 0 | DM20: 0 | DO20: 0 | DQ20: 0 | DS20: =ROUND(SUM('P&L Class_ALL'!DG20:'P&L Class_ALL'!DQ20),5) -> 0 | DU20: 0 | DW20: 504.54 | DY20: =ROUND(SUM('P&L Class_ALL'!DU20:'P&L Class_ALL'!DW20),5) -> 504.54 | EA20: 0 | EC20: 0 | EE20: 0 | EG20: 0 | EI20: 0 | EK20: =ROUND('P&L Class_ALL'!E20+SUM('P&L Class_ALL'!R20:'P&L Class_ALL'!X20)+SUM('P&L Class_ALL'!AG20:'P&L Class_ALL'!AY20)+SUM('P&L Class_ALL'!BE20:'P&L Class_ALL'!BG20)+'P&L Class_ALL'!CG20+'P&L Class_ALL'!CO20+SUM('P&L Class_ALL'!CY20:'P&L Class_ALL'!DE20)+'P&L Class_ALL'!DS20+SUM('P&L Class_ALL'!DY20:'P&L Class_ALL'!EI20),5) -> 24499.51
C21: Charitable Donation | E21: 0 | G21: 0 | H21: 0 | J21: 0 | L21: 0 | N21: 0 | P21: 0 | R21: =ROUND(SUM('P&L Class_ALL'!H21:'P&L Class_ALL'!P21),5) -> 0 | T21: 0 | V21: 0 | X21: 0 | Z21: 0 | AA21: 0 | AC21: 0 | AE21: 0 | AG21: =ROUND(SUM('P&L Class_ALL'!Z21:'P&L Class_ALL'!AA21),5) -> 0 | AI21: 0 | AK21: 0 | AM21: 0 | AO21: 0 | AQ21: 0 | AS21: 0 | AU21: 0 | AW21: 0 | AY21: 0 | BA21: 0 | BC21: 0 | BE21: =ROUND(SUM('P&L Class_ALL'!BA21:'P&L Class_ALL'!BC21),5) -> 0 | BG21: 0 | BI21: 0 | BK21: 0 | BM21: 0 | BO21: 0 | BQ21: 0 | BS21: 0 | BU21: 0 | BW21: 0 | BY21: 0 | CA21: 0 | CC21: 0 | CE21: 0 | CG21: =ROUND(SUM('P&L Class_ALL'!BI21:'P&L Class_ALL'!CE21),5) -> 0 | CI21: 0 | CK21: 0 | CM21: 0 | CO21: =ROUND(SUM('P&L Class_ALL'!CI21:'P&L Class_ALL'!CM21),5) -> 0 | CQ21: 0 | CS21: 0 | CU21: 0 | CW21: 0 | CY21: =ROUND(SUM('P&L Class_ALL'!CQ21:'P&L Class_ALL'!CW21),5) -> 0 | DA21: 0 | DC21: 0 | DE21: 0 | DG21: 0 | DI21: 0 | DK21: 0 | DM21: 0 | DO21: 0 | DQ21: 0 | DS21: =ROUND(SUM('P&L Class_ALL'!DG21:'P&L Class_ALL'!DQ21),5) -> 0 | DU21: 3000 | DW21: 0 | DY21: =ROUND(SUM('P&L Class_ALL'!DU21:'P&L Class_ALL'!DW21),5) -> 3000 | EA21: 0 | EC21: 0 | EE21: 0 | EG21: 250 | EI21: 0 | EK21: =ROUND('P&L Class_ALL'!E21+SUM('P&L Class_ALL'!R21:'P&L Class_ALL'!X21)+SUM('P&L Class_ALL'!AG21:'P&L Class_ALL'!AY21)+SUM('P&L Class_ALL'!BE21:'P&L Class_ALL'!BG21)+'P&L Class_ALL'!CG21+'P&L Class_ALL'!CO21+SUM('P&L Class_ALL'!CY21:'P&L Class_ALL'!DE21)+'P&L Class_ALL'!DS21+SUM('P&L Class_ALL'!DY21:'P&L Class_ALL'!EI21),5) -> 3250
C22: Contract Work | E22: 0 | G22: 0 | H22: 1382.98 | J22: 551.61 | L22: 0 | N22: 717.6 | P22: 81.82 | R22: =ROUND(SUM('P&L Class_ALL'!H22:'P&L Class_ALL'!P22),5) -> 2734.01 | T22: 0 | V22: 2120 | X22: 0 | Z22: 0 | AA22: 4560.06 | AC22: 367.94 | AE22: 0 | AG22: =ROUND(SUM('P&L Class_ALL'!Z22:'P&L Class_ALL'!AA22),5) -> 4560.06 | AI22: 18966.9 | AK22: 13531.68 | AM22: 14751.33 | AO22: 4970 | AQ22: 424.6 | AS22: 3381.9 | AU22: 0 | AW22: 19703.5 | AY22: 117000 | BA22: 0 | BC22: 15519.14 | BE22: =ROUND(SUM('P&L Class_ALL'!BA22:'P&L Class_ALL'!BC22),5) -> 15519.14 | BG22: 1797.3 | BI22: 4080 | BK22: 0 | BM22: 0 | BO22: 0 | BQ22: 430 | BS22: 11436.75 | BU22: 2639.25 | BW22: 4831.06 | BY22: 225 | CA22: 0 | CC22: 0 | CE22: 1708.18 | CG22: =ROUND(SUM('P&L Class_ALL'!BI22:'P&L Class_ALL'!CE22),5) -> 25350.24 | CI22: 15046.83 | CK22: 1314.93 | CM22: 0 | CO22: =ROUND(SUM('P&L Class_ALL'!CI22:'P&L Class_ALL'!CM22),5) -> 16361.76 | CQ22: 47364.57 | CS22: 300 | CU22: 0 | CW22: 0 | CY22: =ROUND(SUM('P&L Class_ALL'!CQ22:'P&L Class_ALL'!CW22),5) -> 47664.57 | DA22: 14550 | DC22: 0 | DE22: 0 | DG22: 0 | DI22: 0 | DK22: 0 | DM22: 0 | DO22: 0 | DQ22: 0 | DS22: =ROUND(SUM('P&L Class_ALL'!DG22:'P&L Class_ALL'!DQ22),5) -> 0 | DU22: 6607.15 | DW22: 2913.46 | DY22: =ROUND(SUM('P&L Class_ALL'!DU22:'P&L Class_ALL'!DW22),5) -> 9520.61 | EA22: 10005.1 | EC22: 0 | EE22: 2389.54 | EG22: 82.5 | EI22: 0 | EK22: =ROUND('P&L Class_ALL'!E22+SUM('P&L Class_ALL'!R22:'P&L Class_ALL'!X22)+SUM('P&L Class_ALL'!AG22:'P&L Class_ALL'!AY22)+SUM('P&L Class_ALL'!BE22:'P&L Class_ALL'!BG22)+'P&L Class_ALL'!CG22+'P&L Class_ALL'!CO22+SUM('P&L Class_ALL'!CY22:'P&L Class_ALL'!DE22)+'P&L Class_ALL'!DS22+SUM('P&L Class_ALL'!DY22:'P&L Class_ALL'!EI22),5) -> 345384.74
C23: Materials / Capital Items | E23: 0 | G23: 0 | H23: 0 | J23: 0 | L23: 80 | N23: 806.25 | P23: 857 | R23: =ROUND(SUM('P&L Class_ALL'!H23:'P&L Class_ALL'!P23),5) -> 1743.25 | T23: 0 | V23: 660.23 | X23: 0 | Z23: 0 | AA23: 90.91 | AC23: 127.18 | AE23: 272.64 | AG23: =ROUND(SUM('P&L Class_ALL'!Z23:'P&L Class_ALL'!AA23),5) -> 90.91 | AI23: 1951.12 | AK23: 0 | AM23: 1795 | AO23: 620.09 | AQ23: 0 | AS23: 0 | AU23: 0 | AW23: 0 | AY23: 9353.4 | BA23: 0 | BC23: 234.41 | BE23: =ROUND(SUM('P&L Class_ALL'!BA23:'P&L Class_ALL'!BC23),5) -> 234.41 | BG23: 0 | BI23: 120 | BK23: 0 | BM23: 0 | BO23: 0 | BQ23: 60 | BS23: 0 | BU23: 0 | BW23: 177.27 | BY23: 0 | CA23: 0 | CC23: 0 | CE23: 0 | CG23: =ROUND(SUM('P&L Class_ALL'!BI23:'P&L Class_ALL'!CE23),5) -> 357.27 | CI23: 0 | CK23: 9181.76 | CM23: 0 | CO23: =ROUND(SUM('P&L Class_ALL'!CI23:'P&L Class_ALL'!CM23),5) -> 9181.76 | CQ23: 350.91 | CS23: 0 | CU23: 0 | CW23: 0 | CY23: =ROUND(SUM('P&L Class_ALL'!CQ23:'P&L Class_ALL'!CW23),5) -> 350.91 | DA23: 0 | DC23: 0 | DE23: 0 | DG23: 0 | DI23: 0 | DK23: 0 | DM23: 0 | DO23: 298.22 | DQ23: 0 | DS23: =ROUND(SUM('P&L Class_ALL'!DG23:'P&L Class_ALL'!DQ23),5) -> 298.22 | DU23: 2234 | DW23: 0 | DY23: =ROUND(SUM('P&L Class_ALL'!DU23:'P&L Class_ALL'!DW23),5) -> 2234 | EA23: 0 | EC23: 0 | EE23: 104.54 | EG23: 46.23 | EI23: 0 | EK23: =ROUND('P&L Class_ALL'!E23+SUM('P&L Class_ALL'!R23:'P&L Class_ALL'!X23)+SUM('P&L Class_ALL'!AG23:'P&L Class_ALL'!AY23)+SUM('P&L Class_ALL'!BE23:'P&L Class_ALL'!BG23)+'P&L Class_ALL'!CG23+'P&L Class_ALL'!CO23+SUM('P&L Class_ALL'!CY23:'P&L Class_ALL'!DE23)+'P&L Class_ALL'!DS23+SUM('P&L Class_ALL'!DY23:'P&L Class_ALL'!EI23),5) -> 29021.34
C24: Office Operating Costs
D25: Internet | E25: 0 | G25: 0 | H25: 0 | J25: 0 | L25: 0 | N25: 0 | P25: 0 | R25: =ROUND(SUM('P&L Class_ALL'!H25:'P&L Class_ALL'!P25),5) -> 0 | T25: 0 | V25: 0 | X25: 0 | Z25: 0 | AA25: 0 | AC25: 0 | AE25: 0 | AG25: =ROUND(SUM('P&L Class_ALL'!Z25:'P&L Class_ALL'!AA25),5) -> 0 | AI25: 0 | AK25: 0 | AM25: 0 | AO25: 54.31 | AQ25: 0 | AS25: 0 | AU25: 0 | AW25: 0 | AY25: 0 | BA25: 0 | BC25: 0 | BE25: =ROUND(SUM('P&L Class_ALL'!BA25:'P&L Class_ALL'!BC25),5) -> 0 | BG25: 0 | BI25: 0 | BK25: 0 | BM25: 0 | BO25: 0 | BQ25: 0 | BS25: 0 | BU25: 0 | BW25: 0 | BY25: 0 | CA25: 0 | CC25: 0 | CE25: 0 | CG25: =ROUND(SUM('P&L Class_ALL'!BI25:'P&L Class_ALL'!CE25),5) -> 0 | CI25: 0 | CK25: 0 | CM25: 0 | CO25: =ROUND(SUM('P&L Class_ALL'!CI25:'P&L Class_ALL'!CM25),5) -> 0 | CQ25: 0 | CS25: 0 | CU25: 0 | CW25: 0 | CY25: =ROUND(SUM('P&L Class_ALL'!CQ25:'P&L Class_ALL'!CW25),5) -> 0 | DA25: 0 | DC25: 0 | DE25: 0 | DG25: 0 | DI25: 0 | DK25: 0 | DM25: 0 | DO25: 0 | DQ25: 0 | DS25: =ROUND(SUM('P&L Class_ALL'!DG25:'P&L Class_ALL'!DQ25),5) -> 0 | DU25: 0 | DW25: 0 | DY25: =ROUND(SUM('P&L Class_ALL'!DU25:'P&L Class_ALL'!DW25),5) -> 0 | EA25: 0 | EC25: 0 | EE25: 4549.01 | EG25: 0 | EI25: 0 | EK25: =ROUND('P&L Class_ALL'!E25+SUM('P&L Class_ALL'!R25:'P&L Class_ALL'!X25)+SUM('P&L Class_ALL'!AG25:'P&L Class_ALL'!AY25)+SUM('P&L Class_ALL'!BE25:'P&L Class_ALL'!BG25)+'P&L Class_ALL'!CG25+'P&L Class_ALL'!CO25+SUM('P&L Class_ALL'!CY25:'P&L Class_ALL'!DE25)+'P&L Class_ALL'!DS25+SUM('P&L Class_ALL'!DY25:'P&L Class_ALL'!EI25),5) -> 4603.32
D26: Phone | E26: 0 | G26: 0 | H26: 0 | J26: 0 | L26: 0 | N26: 0 | P26: 0 | R26: =ROUND(SUM('P&L Class_ALL'!H26:'P&L Class_ALL'!P26),5) -> 0 | T26: 0 | V26: 0 | X26: 0 | Z26: 0 | AA26: 0 | AC26: 0 | AE26: 0 | AG26: =ROUND(SUM('P&L Class_ALL'!Z26:'P&L Class_ALL'!AA26),5) -> 0 | AI26: 0 | AK26: 0 | AM26: 0 | AO26: 0 | AQ26: 0 | AS26: 0 | AU26: 0 | AW26: 0 | AY26: 0 | BA26: 0 | BC26: 0 | BE26: =ROUND(SUM('P&L Class_ALL'!BA26:'P&L Class_ALL'!BC26),5) -> 0 | BG26: 0 | BI26: 0 | BK26: 0 | BM26: 0 | BO26: 0 | BQ26: 0 | BS26: 0 | BU26: 0 | BW26: 0 | BY26: 0 | CA26: 0 | CC26: 0 | CE26: 0 | CG26: =ROUND(SUM('P&L Class_ALL'!BI26:'P&L Class_ALL'!CE26),5) -> 0 | CI26: 0 | CK26: 0 | CM26: 0 | CO26: =ROUND(SUM('P&L Class_ALL'!CI26:'P&L Class_ALL'!CM26),5) -> 0 | CQ26: 0 | CS26: 0 | CU26: 0 | CW26: 0 | CY26: =ROUND(SUM('P&L Class_ALL'!CQ26:'P&L Class_ALL'!CW26),5) -> 0 | DA26: 0 | DC26: 0 | DE26: 0 | DG26: 0 | DI26: 0 | DK26: 0 | DM26: 0 | DO26: 0 | DQ26: 0 | DS26: =ROUND(SUM('P&L Class_ALL'!DG26:'P&L Class_ALL'!DQ26),5) -> 0 | DU26: 0 | DW26: 0 | DY26: =ROUND(SUM('P&L Class_ALL'!DU26:'P&L Class_ALL'!DW26),5) -> 0 | EA26: 0 | EC26: 0 | EE26: 5059.35 | EG26: 0 | EI26: 0 | EK26: =ROUND('P&L Class_ALL'!E26+SUM('P&L Class_ALL'!R26:'P&L Class_ALL'!X26)+SUM('P&L Class_ALL'!AG26:'P&L Class_ALL'!AY26)+SUM('P&L Class_ALL'!BE26:'P&L Class_ALL'!BG26)+'P&L Class_ALL'!CG26+'P&L Class_ALL'!CO26+SUM('P&L Class_ALL'!CY26:'P&L Class_ALL'!DE26)+'P&L Class_ALL'!DS26+SUM('P&L Class_ALL'!DY26:'P&L Class_ALL'!EI26),5) -> 5059.35
D27: Postage | E27: 0 | G27: 0 | H27: 0 | J27: 0 | L27: 51.73 | N27: 55.64 | P27: 73.82 | R27: =ROUND(SUM('P&L Class_ALL'!H27:'P&L Class_ALL'!P27),5) -> 181.19 | T27: 0 | V27: 26.59 | X27: 0 | Z27: 0 | AA27: 23.82 | AC27: 7.5 | AE27: 0 | AG27: =ROUND(SUM('P&L Class_ALL'!Z27:'P&L Class_ALL'!AA27),5) -> 23.82 | AI27: 652.31 | AK27: 516.14 | AM27: 93 | AO27: 0 | AQ27: 0 | AS27: 28.23 | AU27: 0 | AW27: 125.1 | AY27: 0 | BA27: 0 | BC27: 0 | BE27: =ROUND(SUM('P&L Class_ALL'!BA27:'P&L Class_ALL'!BC27),5) -> 0 | BG27: 77.97 | BI27: 0 | BK27: 0 | BM27: 0 | BO27: 0 | BQ27: 0 | BS27: 0 | BU27: 0 | BW27: 6.59 | BY27: 0 | CA27: 0 | CC27: 0 | CE27: 0 | CG27: =ROUND(SUM('P&L Class_ALL'!BI27:'P&L Class_ALL'!CE27),5) -> 6.59 | CI27: 0 | CK27: 43.22 | CM27: 0 | CO27: =ROUND(SUM('P&L Class_ALL'!CI27:'P&L Class_ALL'!CM27),5) -> 43.22 | CQ27: 0 | CS27: 0 | CU27: 0 | CW27: 0 | CY27: =ROUND(SUM('P&L Class_ALL'!CQ27:'P&L Class_ALL'!CW27),5) -> 0 | DA27: 0 | DC27: 0 | DE27: 0 | DG27: 0 | DI27: 0 | DK27: 0 | DM27: 0 | DO27: 0 | DQ27: 0 | DS27: =ROUND(SUM('P&L Class_ALL'!DG27:'P&L Class_ALL'!DQ27),5) -> 0 | DU27: 27.73 | DW27: 0 | DY27: =ROUND(SUM('P&L Class_ALL'!DU27:'P&L Class_ALL'!DW27),5) -> 27.73 | EA27: 0 | EC27: 0 | EE27: 1009.86 | EG27: 0 | EI27: 0 | EK27: =ROUND('P&L Class_ALL'!E27+SUM('P&L Class_ALL'!R27:'P&L Class_ALL'!X27)+SUM('P&L Class_ALL'!AG27:'P&L Class_ALL'!AY27)+SUM('P&L Class_ALL'!BE27:'P&L Class_ALL'!BG27)+'P&L Class_ALL'!CG27+'P&L Class_ALL'!CO27+SUM('P&L Class_ALL'!CY27:'P&L Class_ALL'!DE27)+'P&L Class_ALL'!DS27+SUM('P&L Class_ALL'!DY27:'P&L Class_ALL'!EI27),5) -> 2811.75
D28: Stationery | E28: 0 | G28: 0 | H28: 0 | J28: 0 | L28: 0 | N28: 0 | P28: 0 | R28: =ROUND(SUM('P&L Class_ALL'!H28:'P&L Class_ALL'!P28),5) -> 0 | T28: 0 | V28: 0 | X28: 0 | Z28: 0 | AA28: 0 | AC28: 0 | AE28: 0 | AG28: =ROUND(SUM('P&L Class_ALL'!Z28:'P&L Class_ALL'!AA28),5) -> 0 | AI28: 28.18 | AK28: 0 | AM28: 0 | AO28: 0 | AQ28: 0 | AS28: 0 | AU28: 0 | AW28: 0 | AY28: 0 | BA28: 0 | BC28: 14.77 | BE28: =ROUND(SUM('P&L Class_ALL'!BA28:'P&L Class_ALL'!BC28),5) -> 14.77 | BG28: 0 | BI28: 0 | BK28: 0 | BM28: 0 | BO28: 0 | BQ28: 0 | BS28: 0 | BU28: 0 | BW28: 72.27 | BY28: 0 | CA28: 0 | CC28: 0 | CE28: 0 | CG28: =ROUND(SUM('P&L Class_ALL'!BI28:'P&L Class_ALL'!CE28),5) -> 72.27 | CI28: 0 | CK28: 0 | CM28: 0 | CO28: =ROUND(SUM('P&L Class_ALL'!CI28:'P&L Class_ALL'!CM28),5) -> 0 | CQ28: 0 | CS28: 0 | CU28: 0 | CW28: 0 | CY28: =ROUND(SUM('P&L Class_ALL'!CQ28:'P&L Class_ALL'!CW28),5) -> 0 | DA28: 0 | DC28: 0 | DE28: 0 | DG28: 0 | DI28: 0 | DK28: 0 | DM28: 0 | DO28: 0 | DQ28: 0 | DS28: =ROUND(SUM('P&L Class_ALL'!DG28:'P&L Class_ALL'!DQ28),5) -> 0 | DU28: 0 | DW28: 0 | DY28: =ROUND(SUM('P&L Class_ALL'!DU28:'P&L Class_ALL'!DW28),5) -> 0 | EA28: 0 | EC28: 0 | EE28: 1953.48 | EG28: 0 | EI28: 0 | EK28: =ROUND('P&L Class_ALL'!E28+SUM('P&L Class_ALL'!R28:'P&L Class_ALL'!X28)+SUM('P&L Class_ALL'!AG28:'P&L Class_ALL'!AY28)+SUM('P&L Class_ALL'!BE28:'P&L Class_ALL'!BG28)+'P&L Class_ALL'!CG28+'P&L Class_ALL'!CO28+SUM('P&L Class_ALL'!CY28:'P&L Class_ALL'!DE28)+'P&L Class_ALL'!DS28+SUM('P&L Class_ALL'!DY28:'P&L Class_ALL'!EI28),5) -> 2068.7
D29: Office Operating Costs - Other | E29: 0 | G29: 0 | H29: 0 | J29: 0 | L29: 0 | N29: 0 | P29: 0 | R29: =ROUND(SUM('P&L Class_ALL'!H29:'P&L Class_ALL'!P29),5) -> 0 | T29: 0 | V29: 0 | X29: 0 | Z29: 0 | AA29: 0 | AC29: 0 | AE29: 0 | AG29: =ROUND(SUM('P&L Class_ALL'!Z29:'P&L Class_ALL'!AA29),5) -> 0 | AI29: 0 | AK29: 0 | AM29: 0 | AO29: 0 | AQ29: 0 | AS29: 0 | AU29: 0 | AW29: 0 | AY29: 0 | BA29: 0 | BC29: 0 | BE29: =ROUND(SUM('P&L Class_ALL'!BA29:'P&L Class_ALL'!BC29),5) -> 0 | BG29: 0 | BI29: 0 | BK29: 0 | BM29: 0 | BO29: 0 | BQ29: 0 | BS29: 0 | BU29: 0 | BW29: 0 | BY29: 0 | CA29: 0 | CC29: 0 | CE29: 0 | CG29: =ROUND(SUM('P&L Class_ALL'!BI29:'P&L Class_ALL'!CE29),5) -> 0 | CI29: 0 | CK29: 0 | CM29: 0 | CO29: =ROUND(SUM('P&L Class_ALL'!CI29:'P&L Class_ALL'!CM29),5) -> 0 | CQ29: 0 | CS29: 0 | CU29: 0 | CW29: 0 | CY29: =ROUND(SUM('P&L Class_ALL'!CQ29:'P&L Class_ALL'!CW29),5) -> 0 | DA29: 0 | DC29: 47 | DE29: 0 | DG29: 0 | DI29: 0 | DK29: 0 | DM29: 0 | DO29: 0 | DQ29: 0 | DS29: =ROUND(SUM('P&L Class_ALL'!DG29:'P&L Class_ALL'!DQ29),5) -> 0 | DU29: 0 | DW29: 0 | DY29: =ROUND(SUM('P&L Class_ALL'!DU29:'P&L Class_ALL'!DW29),5) -> 0 | EA29: 0 | EC29: 0 | EE29: 612.76 | EG29: 0 | EI29: 0 | EK29: =ROUND('P&L Class_ALL'!E29+SUM('P&L Class_ALL'!R29:'P&L Class_ALL'!X29)+SUM('P&L Class_ALL'!AG29:'P&L Class_ALL'!AY29)+SUM('P&L Class_ALL'!BE29:'P&L Class_ALL'!BG29)+'P&L Class_ALL'!CG29+'P&L Class_ALL'!CO29+SUM('P&L Class_ALL'!CY29:'P&L Class_ALL'!DE29)+'P&L Class_ALL'!DS29+SUM('P&L Class_ALL'!DY29:'P&L Class_ALL'!EI29),5) -> 659.76
C30: Total Office Operating Costs | E30: =ROUND(SUM('P&L Class_ALL'!E24:'P&L Class_ALL'!E29),5) -> 0 | G30: =ROUND(SUM('P&L Class_ALL'!G24:'P&L Class_ALL'!G29),5) -> 0 | H30: =ROUND(SUM('P&L Class_ALL'!H24:'P&L Class_ALL'!H29),5) -> 0 | J30: =ROUND(SUM('P&L Class_ALL'!J24:'P&L Class_ALL'!J29),5) -> 0 | L30: =ROUND(SUM('P&L Class_ALL'!L24:'P&L Class_ALL'!L29),5) -> 51.73 | N30: =ROUND(SUM('P&L Class_ALL'!N24:'P&L Class_ALL'!N29),5) -> 55.64 | P30: =ROUND(SUM('P&L Class_ALL'!P24:'P&L Class_ALL'!P29),5) -> 73.82 | R30: =ROUND(SUM('P&L Class_ALL'!H30:'P&L Class_ALL'!P30),5) -> 181.19 | T30: =ROUND(SUM('P&L Class_ALL'!T24:'P&L Class_ALL'!T29),5) -> 0 | V30: =ROUND(SUM('P&L Class_ALL'!V24:'P&L Class_ALL'!V29),5) -> 26.59 | X30: =ROUND(SUM('P&L Class_ALL'!X24:'P&L Class_ALL'!X29),5) -> 0 | Z30: =ROUND(SUM('P&L Class_ALL'!Z24:'P&L Class_ALL'!Z29),5) -> 0 | AA30: =ROUND(SUM('P&L Class_ALL'!AA24:'P&L Class_ALL'!AA29),5) -> 23.82 | AC30: =ROUND(SUM('P&L Class_ALL'!AC24:'P&L Class_ALL'!AC29),5) -> 7.5 | AE30: =ROUND(SUM('P&L Class_ALL'!AE24:'P&L Class_ALL'!AE29),5) -> 0 | AG30: =ROUND(SUM('P&L Class_ALL'!Z30:'P&L Class_ALL'!AA30),5) -> 23.82 | AI30: =ROUND(SUM('P&L Class_ALL'!AI24:'P&L Class_ALL'!AI29),5) -> 680.49 | AK30: =ROUND(SUM('P&L Class_ALL'!AK24:'P&L Class_ALL'!AK29),5) -> 516.14 | AM30: =ROUND(SUM('P&L Class_ALL'!AM24:'P&L Class_ALL'!AM29),5) -> 93 | AO30: =ROUND(SUM('P&L Class_ALL'!AO24:'P&L Class_ALL'!AO29),5) -> 54.31 | AQ30: =ROUND(SUM('P&L Class_ALL'!AQ24:'P&L Class_ALL'!AQ29),5) -> 0 | AS30: =ROUND(SUM('P&L Class_ALL'!AS24:'P&L Class_ALL'!AS29),5) -> 28.23 | AU30: =ROUND(SUM('P&L Class_ALL'!AU24:'P&L Class_ALL'!AU29),5) -> 0 | AW30: =ROUND(SUM('P&L Class_ALL'!AW24:'P&L Class_ALL'!AW29),5) -> 125.1 | AY30: =ROUND(SUM('P&L Class_ALL'!AY24:'P&L Class_ALL'!AY29),5) -> 0 | BA30: =ROUND(SUM('P&L Class_ALL'!BA24:'P&L Class_ALL'!BA29),5) -> 0 | BC30: =ROUND(SUM('P&L Class_ALL'!BC24:'P&L Class_ALL'!BC29),5) -> 14.77 | BE30: =ROUND(SUM('P&L Class_ALL'!BA30:'P&L Class_ALL'!BC30),5) -> 14.77 | BG30: =ROUND(SUM('P&L Class_ALL'!BG24:'P&L Class_ALL'!BG29),5) -> 77.97 | BI30: =ROUND(SUM('P&L Class_ALL'!BI24:'P&L Class_ALL'!BI29),5) -> 0 | BK30: =ROUND(SUM('P&L Class_ALL'!BK24:'P&L Class_ALL'!BK29),5) -> 0 | BM30: =ROUND(SUM('P&L Class_ALL'!BM24:'P&L Class_ALL'!BM29),5) -> 0 | BO30: =ROUND(SUM('P&L Class_ALL'!BO24:'P&L Class_ALL'!BO29),5) -> 0 | BQ30: =ROUND(SUM('P&L Class_ALL'!BQ24:'P&L Class_ALL'!BQ29),5) -> 0 | BS30: =ROUND(SUM('P&L Class_ALL'!BS24:'P&L Class_ALL'!BS29),5) -> 0 | BU30: =ROUND(SUM('P&L Class_ALL'!BU24:'P&L Class_ALL'!BU29),5) -> 0 | BW30: =ROUND(SUM('P&L Class_ALL'!BW24:'P&L Class_ALL'!BW29),5) -> 78.86 | BY30: =ROUND(SUM('P&L Class_ALL'!BY24:'P&L Class_ALL'!BY29),5) -> 0 | CA30: =ROUND(SUM('P&L Class_ALL'!CA24:'P&L Class_ALL'!CA29),5) -> 0 | CC30: =ROUND(SUM('P&L Class_ALL'!CC24:'P&L Class_ALL'!CC29),5) -> 0 | CE30: =ROUND(SUM('P&L Class_ALL'!CE24:'P&L Class_ALL'!CE29),5) -> 0 | CG30: =ROUND(SUM('P&L Class_ALL'!BI30:'P&L Class_ALL'!CE30),5) -> 78.86 | CI30: =ROUND(SUM('P&L Class_ALL'!CI24:'P&L Class_ALL'!CI29),5) -> 0 | CK30: =ROUND(SUM('P&L Class_ALL'!CK24:'P&L Class_ALL'!CK29),5) -> 43.22 | CM30: =ROUND(SUM('P&L Class_ALL'!CM24:'P&L Class_ALL'!CM29),5) -> 0 | CO30: =ROUND(SUM('P&L Class_ALL'!CI30:'P&L Class_ALL'!CM30),5) -> 43.22 | CQ30: =ROUND(SUM('P&L Class_ALL'!CQ24:'P&L Class_ALL'!CQ29),5) -> 0 | CS30: =ROUND(SUM('P&L Class_ALL'!CS24:'P&L Class_ALL'!CS29),5) -> 0 | CU30: =ROUND(SUM('P&L Class_ALL'!CU24:'P&L Class_ALL'!CU29),5) -> 0 | CW30: =ROUND(SUM('P&L Class_ALL'!CW24:'P&L Class_ALL'!CW29),5) -> 0 | CY30: =ROUND(SUM('P&L Class_ALL'!CQ30:'P&L Class_ALL'!CW30),5) -> 0 | DA30: =ROUND(SUM('P&L Class_ALL'!DA24:'P&L Class_ALL'!DA29),5) -> 0 | DC30: =ROUND(SUM('P&L Class_ALL'!DC24:'P&L Class_ALL'!DC29),5) -> 47 | DE30: =ROUND(SUM('P&L Class_ALL'!DE24:'P&L Class_ALL'!DE29),5) -> 0 | DG30: =ROUND(SUM('P&L Class_ALL'!DG24:'P&L Class_ALL'!DG29),5) -> 0 | DI30: =ROUND(SUM('P&L Class_ALL'!DI24:'P&L Class_ALL'!DI29),5) -> 0 | DK30: =ROUND(SUM('P&L Class_ALL'!DK24:'P&L Class_ALL'!DK29),5) -> 0 | DM30: =ROUND(SUM('P&L Class_ALL'!DM24:'P&L Class_ALL'!DM29),5) -> 0 | DO30: =ROUND(SUM('P&L Class_ALL'!DO24:'P&L Class_ALL'!DO29),5) -> 0 | DQ30: =ROUND(SUM('P&L Class_ALL'!DQ24:'P&L Class_ALL'!DQ29),5) -> 0 | DS30: =ROUND(SUM('P&L Class_ALL'!DG30:'P&L Class_ALL'!DQ30),5) -> 0 | DU30: =ROUND(SUM('P&L Class_ALL'!DU24:'P&L Class_ALL'!DU29),5) -> 27.73 | DW30: =ROUND(SUM('P&L Class_ALL'!DW24:'P&L Class_ALL'!DW29),5) -> 0 | DY30: =ROUND(SUM('P&L Class_ALL'!DU30:'P&L Class_ALL'!DW30),5) -> 27.73 | EA30: =ROUND(SUM('P&L Class_ALL'!EA24:'P&L Class_ALL'!EA29),5) -> 0 | EC30: =ROUND(SUM('P&L Class_ALL'!EC24:'P&L Class_ALL'!EC29),5) -> 0 | EE30: =ROUND(SUM('P&L Class_ALL'!EE24:'P&L Class_ALL'!EE29),5) -> 13184.46 | EG30: =ROUND(SUM('P&L Class_ALL'!EG24:'P&L Class_ALL'!EG29),5) -> 0 | EI30: =ROUND(SUM('P&L Class_ALL'!EI24:'P&L Class_ALL'!EI29),5) -> 0 | EK30: =ROUND('P&L Class_ALL'!E30+SUM('P&L Class_ALL'!R30:'P&L Class_ALL'!X30)+SUM('P&L Class_ALL'!AG30:'P&L Class_ALL'!AY30)+SUM('P&L Class_ALL'!BE30:'P&L Class_ALL'!BG30)+'P&L Class_ALL'!CG30+'P&L Class_ALL'!CO30+SUM('P&L Class_ALL'!CY30:'P&L Class_ALL'!DE30)+'P&L Class_ALL'!DS30+SUM('P&L Class_ALL'!DY30:'P&L Class_ALL'!EI30),5) -> 15202.88
C31: Office rent | E31: 0 | G31: 0 | H31: 0 | J31: 0 | L31: 0 | N31: 0 | P31: 0 | R31: =ROUND(SUM('P&L Class_ALL'!H31:'P&L Class_ALL'!P31),5) -> 0 | T31: 0 | V31: 0 | X31: 0 | Z31: 0 | AA31: 0 | AC31: 0 | AE31: 0 | AG31: =ROUND(SUM('P&L Class_ALL'!Z31:'P&L Class_ALL'!AA31),5) -> 0 | AI31: 0 | AK31: 0 | AM31: 0 | AO31: 0 | AQ31: 0 | AS31: 0 | AU31: 0 | AW31: 0 | AY31: 0 | BA31: 0 | BC31: 0 | BE31: =ROUND(SUM('P&L Class_ALL'!BA31:'P&L Class_ALL'!BC31),5) -> 0 | BG31: 0 | BI31: 0 | BK31: 0 | BM31: 0 | BO31: 0 | BQ31: 0 | BS31: 0 | BU31: 0 | BW31: 0 | BY31: 0 | CA31: 0 | CC31: 0 | CE31: 0 | CG31: =ROUND(SUM('P&L Class_ALL'!BI31:'P&L Class_ALL'!CE31),5) -> 0 | CI31: 0 | CK31: 0 | CM31: 0 | CO31: =ROUND(SUM('P&L Class_ALL'!CI31:'P&L Class_ALL'!CM31),5) -> 0 | CQ31: 0 | CS31: 0 | CU31: 0 | CW31: 0 | CY31: =ROUND(SUM('P&L Class_ALL'!CQ31:'P&L Class_ALL'!CW31),5) -> 0 | DA31: 0 | DC31: 0 | DE31: 0 | DG31: 0 | DI31: 0 | DK31: 0 | DM31: 0 | DO31: 0 | DQ31: 0 | DS31: =ROUND(SUM('P&L Class_ALL'!DG31:'P&L Class_ALL'!DQ31),5) -> 0 | DU31: 0 | DW31: 0 | DY31: =ROUND(SUM('P&L Class_ALL'!DU31:'P&L Class_ALL'!DW31),5) -> 0 | EA31: 0 | EC31: 0 | EE31: 2862 | EG31: 0 | EI31: 0 | EK31: =ROUND('P&L Class_ALL'!E31+SUM('P&L Class_ALL'!R31:'P&L Class_ALL'!X31)+SUM('P&L Class_ALL'!AG31:'P&L Class_ALL'!AY31)+SUM('P&L Class_ALL'!BE31:'P&L Class_ALL'!BG31)+'P&L Class_ALL'!CG31+'P&L Class_ALL'!CO31+SUM('P&L Class_ALL'!CY31:'P&L Class_ALL'!DE31)+'P&L Class_ALL'!DS31+SUM('P&L Class_ALL'!DY31:'P&L Class_ALL'!EI31),5) -> 2862
C32: Project Officer Expenses | E32: 0 | G32: 0 | H32: 0 | J32: 0 | L32: 0 | N32: 0 | P32: 0 | R32: =ROUND(SUM('P&L Class_ALL'!H32:'P&L Class_ALL'!P32),5) -> 0 | T32: 0 | V32: 0 | X32: 0 | Z32: 0 | AA32: 0 | AC32: 0 | AE32: 0 | AG32: =ROUND(SUM('P&L Class_ALL'!Z32:'P&L Class_ALL'!AA32),5) -> 0 | AI32: 0 | AK32: 0 | AM32: 0 | AO32: 0 | AQ32: 0 | AS32: 0 | AU32: 0 | AW32: 0 | AY32: 0 | BA32: 0 | BC32: 0 | BE32: =ROUND(SUM('P&L Class_ALL'!BA32:'P&L Class_ALL'!BC32),5) -> 0 | BG32: 0 | BI32: 0 | BK32: 0 | BM32: 0 | BO32: 0 | BQ32: 0 | BS32: 0 | BU32: 0 | BW32: 0 | BY32: 0 | CA32: 0 | CC32: 0 | CE32: 0 | CG32: =ROUND(SUM('P&L Class_ALL'!BI32:'P&L Class_ALL'!CE32),5) -> 0 | CI32: 0 | CK32: 0 | CM32: 0 | CO32: =ROUND(SUM('P&L Class_ALL'!CI32:'P&L Class_ALL'!CM32),5) -> 0 | CQ32: 0 | CS32: 0 | CU32: 0 | CW32: 0 | CY32: =ROUND(SUM('P&L Class_ALL'!CQ32:'P&L Class_ALL'!CW32),5) -> 0 | DA32: 0 | DC32: 0 | DE32: 0 | DG32: 0 | DI32: 0 | DK32: 0 | DM32: 0 | DO32: 0 | DQ32: 0 | DS32: =ROUND(SUM('P&L Class_ALL'!DG32:'P&L Class_ALL'!DQ32),5) -> 0 | DU32: 0 | DW32: 0 | DY32: =ROUND(SUM('P&L Class_ALL'!DU32:'P&L Class_ALL'!DW32),5) -> 0 | EA32: 0 | EC32: 0 | EE32: 7000 | EG32: 0 | EI32: 0 | EK32: =ROUND('P&L Class_ALL'!E32+SUM('P&L Class_ALL'!R32:'P&L Class_ALL'!X32)+SUM('P&L Class_ALL'!AG32:'P&L Class_ALL'!AY32)+SUM('P&L Class_ALL'!BE32:'P&L Class_ALL'!BG32)+'P&L Class_ALL'!CG32+'P&L Class_ALL'!CO32+SUM('P&L Class_ALL'!CY32:'P&L Class_ALL'!DE32)+'P&L Class_ALL'!DS32+SUM('P&L Class_ALL'!DY32:'P&L Class_ALL'!EI32),5) -> 7000
C33: Subscriptions | E33: 0 | G33: 0 | H33: 0 | J33: 0 | L33: 0 | N33: 0 | P33: 0 | R33: =ROUND(SUM('P&L Class_ALL'!H33:'P&L Class_ALL'!P33),5) -> 0 | T33: 0 | V33: 0 | X33: 0 | Z33: 0 | AA33: 0 | AC33: 0 | AE33: 0 | AG33: =ROUND(SUM('P&L Class_ALL'!Z33:'P&L Class_ALL'!AA33),5) -> 0 | AI33: 0 | AK33: 0 | AM33: 0 | AO33: 0 | AQ33: 0 | AS33: 0 | AU33: 0 | AW33: 0 | AY33: 0 | BA33: 0 | BC33: 0 | BE33: =ROUND(SUM('P&L Class_ALL'!BA33:'P&L Class_ALL'!BC33),5) -> 0 | BG33: 0 | BI33: 0 | BK33: 0 | BM33: 0 | BO33: 0 | BQ33: 0 | BS33: 0 | BU33: 0 | BW33: 0 | BY33: 0 | CA33: 0 | CC33: 0 | CE33: 0 | CG33: =ROUND(SUM('P&L Class_ALL'!BI33:'P&L Class_ALL'!CE33),5) -> 0 | CI33: 0 | CK33: 0 | CM33: 0 | CO33: =ROUND(SUM('P&L Class_ALL'!CI33:'P&L Class_ALL'!CM33),5) -> 0 | CQ33: 0 | CS33: 0 | CU33: 0 | CW33: 0 | CY33: =ROUND(SUM('P&L Class_ALL'!CQ33:'P&L Class_ALL'!CW33),5) -> 0 | DA33: 0 | DC33: 0 | DE33: 10936 | DG33: 0 | DI33: 0 | DK33: 0 | DM33: 0 | DO33: 0 | DQ33: 0 | DS33: =ROUND(SUM('P&L Class_ALL'!DG33:'P&L Class_ALL'!DQ33),5) -> 0 | DU33: 0 | DW33: 0 | DY33: =ROUND(SUM('P&L Class_ALL'!DU33:'P&L Class_ALL'!DW33),5) -> 0 | EA33: 0 | EC33: 0 | EE33: 0 | EG33: 0 | EI33: 0 | EK33: =ROUND('P&L Class_ALL'!E33+SUM('P&L Class_ALL'!R33:'P&L Class_ALL'!X33)+SUM('P&L Class_ALL'!AG33:'P&L Class_ALL'!AY33)+SUM('P&L Class_ALL'!BE33:'P&L Class_ALL'!BG33)+'P&L Class_ALL'!CG33+'P&L Class_ALL'!CO33+SUM('P&L Class_ALL'!CY33:'P&L Class_ALL'!DE33)+'P&L Class_ALL'!DS33+SUM('P&L Class_ALL'!DY33:'P&L Class_ALL'!EI33),5) -> 10936
C34: Sundry | E34: 18.18 | G34: 0 | H34: 0 | J34: 118.18 | L34: 0 | N34: 34.09 | P34: 0 | R34: =ROUND(SUM('P&L Class_ALL'!H34:'P&L Class_ALL'!P34),5) -> 152.27 | T34: 0 | V34: 25 | X34: 241 | Z34: 0 | AA34: 0 | AC34: 0 | AE34: 18.18 | AG34: =ROUND(SUM('P&L Class_ALL'!Z34:'P&L Class_ALL'!AA34),5) -> 0 | AI34: 20 | AK34: 0 | AM34: 0 | AO34: 0 | AQ34: 0 | AS34: 0 | AU34: 0 | AW34: 130 | AY34: 99.31 | BA34: 0 | BC34: 47.96 | BE34: =ROUND(SUM('P&L Class_ALL'!BA34:'P&L Class_ALL'!BC34),5) -> 47.96 | BG34: 0 | BI34: 0 | BK34: 0 | BM34: 0 | BO34: 0 | BQ34: 0 | BS34: 0 | BU34: 90.91 | BW34: 65.49 | BY34: 0 | CA34: 0 | CC34: 50 | CE34: 0 | CG34: =ROUND(SUM('P&L Class_ALL'!BI34:'P&L Class_ALL'!CE34),5) -> 206.4 | CI34: 0 | CK34: 0 | CM34: 0 | CO34: =ROUND(SUM('P&L Class_ALL'!CI34:'P&L Class_ALL'!CM34),5) -> 0 | CQ34: 81.81 | CS34: 0 | CU34: 45.45 | CW34: 0 | CY34: =ROUND(SUM('P&L Class_ALL'!CQ34:'P&L Class_ALL'!CW34),5) -> 127.26 | DA34: 0 | DC34: 11.25 | DE34: 0 | DG34: 0 | DI34: 0 | DK34: 0 | DM34: 0 | DO34: 0 | DQ34: 0 | DS34: =ROUND(SUM('P&L Class_ALL'!DG34:'P&L Class_ALL'!DQ34),5) -> 0 | DU34: 0 | DW34: 0 | DY34: =ROUND(SUM('P&L Class_ALL'!DU34:'P&L Class_ALL'!DW34),5) -> 0 | EA34: 0 | EC34: 0 | EE34: 208.74 | EG34: 0 | EI34: 0 | EK34: =ROUND('P&L Class_ALL'!E34+SUM('P&L Class_ALL'!R34:'P&L Class_ALL'!X34)+SUM('P&L Class_ALL'!AG34:'P&L Class_ALL'!AY34)+SUM('P&L Class_ALL'!BE34:'P&L Class_ALL'!BG34)+'P&L Class_ALL'!CG34+'P&L Class_ALL'!CO34+SUM('P&L Class_ALL'!CY34:'P&L Class_ALL'!DE34)+'P&L Class_ALL'!DS34+SUM('P&L Class_ALL'!DY34:'P&L Class_ALL'!EI34),5) -> 1287.37
C35: Training | E35: 0 | G35: 0 | H35: 0 | J35: 0 | L35: 0 | N35: 0 | P35: 0 | R35: =ROUND(SUM('P&L Class_ALL'!H35:'P&L Class_ALL'!P35),5) -> 0 | T35: 0 | V35: 0 | X35: 0 | Z35: 0 | AA35: 0 | AC35: 1078 | AE35: 0 | AG35: =ROUND(SUM('P&L Class_ALL'!Z35:'P&L Class_ALL'!AA35),5) -> 0 | AI35: 0 | AK35: 0 | AM35: 0 | AO35: 0 | AQ35: 0 | AS35: 0 | AU35: 0 | AW35: 0 | AY35: 0 | BA35: 0 | BC35: 0 | BE35: =ROUND(SUM('P&L Class_ALL'!BA35:'P&L Class_ALL'!BC35),5) -> 0 | BG35: 0 | BI35: 0 | BK35: 0 | BM35: 0 | BO35: 0 | BQ35: 0 | BS35: 0 | BU35: 0 | BW35: 0 | BY35: 0 | CA35: 0 | CC35: 0 | CE35: 0 | CG35: =ROUND(SUM('P&L Class_ALL'!BI35:'P&L Class_ALL'!CE35),5) -> 0 | CI35: 150 | CK35: 0 | CM35: 0 | CO35: =ROUND(SUM('P&L Class_ALL'!CI35:'P&L Class_ALL'!CM35),5) -> 150 | CQ35: 7755 | CS35: 0 | CU35: 1875 | CW35: 0 | CY35: =ROUND(SUM('P&L Class_ALL'!CQ35:'P&L Class_ALL'!CW35),5) -> 9630 | DA35: 0 | DC35: 0 | DE35: 0 | DG35: 0 | DI35: 0 | DK35: 0 | DM35: 0 | DO35: 0 | DQ35: 0 | DS35: =ROUND(SUM('P&L Class_ALL'!DG35:'P&L Class_ALL'!DQ35),5) -> 0 | DU35: 0 | DW35: 0 | DY35: =ROUND(SUM('P&L Class_ALL'!DU35:'P&L Class_ALL'!DW35),5) -> 0 | EA35: 0 | EC35: 0 | EE35: 10670.14 | EG35: 0 | EI35: 0 | EK35: =ROUND('P&L Class_ALL'!E35+SUM('P&L Class_ALL'!R35:'P&L Class_ALL'!X35)+SUM('P&L Class_ALL'!AG35:'P&L Class_ALL'!AY35)+SUM('P&L Class_ALL'!BE35:'P&L Class_ALL'!BG35)+'P&L Class_ALL'!CG35+'P&L Class_ALL'!CO35+SUM('P&L Class_ALL'!CY35:'P&L Class_ALL'!DE35)+'P&L Class_ALL'!DS35+SUM('P&L Class_ALL'!DY35:'P&L Class_ALL'!EI35),5) -> 20450.14
C36: Travel, Accommodation & Meals | E36: 0 | G36: 0 | H36: 0 | J36: 0 | L36: 0 | N36: 0 | P36: 830.51 | R36: =ROUND(SUM('P&L Class_ALL'!H36:'P&L Class_ALL'!P36),5) -> 830.51 | T36: 24 | V36: 632 | X36: 0 | Z36: 0 | AA36: 136 | AC36: 412 | AE36: 4374.45 | AG36: =ROUND(SUM('P&L Class_ALL'!Z36:'P&L Class_ALL'!AA36),5) -> 136 | AI36: 5521.32 | AK36: 1040 | AM36: 198 | AO36: 0 | AQ36: 1091 | AS36: 120 | AU36: 0 | AW36: 80 | AY36: 2088 | BA36: 0 | BC36: 0 | BE36: =ROUND(SUM('P&L Class_ALL'!BA36:'P&L Class_ALL'!BC36),5) -> 0 | BG36: 280 | BI36: 943.82 | BK36: 0 | BM36: 152 | BO36: 0 | BQ36: 40 | BS36: 0 | BU36: 0 | BW36: 0 | BY36: 0 | CA36: 0 | CC36: 0 | CE36: 0 | CG36: =ROUND(SUM('P&L Class_ALL'!BI36:'P&L Class_ALL'!CE36),5) -> 1135.82 | CI36: 88 | CK36: 0 | CM36: 0 | CO36: =ROUND(SUM('P&L Class_ALL'!CI36:'P&L Class_ALL'!CM36),5) -> 88 | CQ36: 824.6 | CS36: 0 | CU36: 0 | CW36: 0 | CY36: =ROUND(SUM('P&L Class_ALL'!CQ36:'P&L Class_ALL'!CW36),5) -> 824.6 | DA36: 0 | DC36: 0 | DE36: 0 | DG36: 0 | DI36: 136.36 | DK36: 0 | DM36: 0 | DO36: 0 | DQ36: 0 | DS36: =ROUND(SUM('P&L Class_ALL'!DG36:'P&L Class_ALL'!DQ36),5) -> 136.36 | DU36: 815 | DW36: 0 | DY36: =ROUND(SUM('P&L Class_ALL'!DU36:'P&L Class_ALL'!DW36),5) -> 815 | EA36: 4979.95 | EC36: 0 | EE36: 6997.15 | EG36: 0 | EI36: 0 | EK36: =ROUND('P&L Class_ALL'!E36+SUM('P&L Class_ALL'!R36:'P&L Class_ALL'!X36)+SUM('P&L Class_ALL'!AG36:'P&L Class_ALL'!AY36)+SUM('P&L Class_ALL'!BE36:'P&L Class_ALL'!BG36)+'P&L Class_ALL'!CG36+'P&L Class_ALL'!CO36+SUM('P&L Class_ALL'!CY36:'P&L Class_ALL'!DE36)+'P&L Class_ALL'!DS36+SUM('P&L Class_ALL'!DY36:'P&L Class_ALL'!EI36),5) -> 27017.71
C37: wages | E37: 0 | G37: 0 | H37: 0 | J37: 0 | L37: 0 | N37: 0 | P37: 0 | R37: =ROUND(SUM('P&L Class_ALL'!H37:'P&L Class_ALL'!P37),5) -> 0 | T37: 63.7 | V37: 4713.8 | X37: 0 | Z37: 0 | AA37: 2962.04 | AC37: 850.3 | AE37: 1232.09 | AG37: =ROUND(SUM('P&L Class_ALL'!Z37:'P&L Class_ALL'!AA37),5) -> 2962.04 | AI37: 13125.96 | AK37: 3662.75 | AM37: 1496.2 | AO37: 0 | AQ37: 0 | AS37: 5528.1 | AU37: 0 | AW37: 2004.65 | AY37: 11442.79 | BA37: 174.8 | BC37: 1067 | BE37: =ROUND(SUM('P&L Class_ALL'!BA37:'P&L Class_ALL'!BC37),5) -> 1241.8 | BG37: 2721.6 | BI37: 764.4 | BK37: 382.2 | BM37: 477.75 | BO37: 127.4 | BQ37: 509.6 | BS37: 0 | BU37: 0 | BW37: 1890 | BY37: 0 | CA37: 0 | CC37: 0 | CE37: 0 | CG37: =ROUND(SUM('P&L Class_ALL'!BI37:'P&L Class_ALL'!CE37),5) -> 4151.35 | CI37: 1557.35 | CK37: 2917.81 | CM37: 742.9 | CO37: =ROUND(SUM('P&L Class_ALL'!CI37:'P&L Class_ALL'!CM37),5) -> 5218.06 | CQ37: 7054.55 | CS37: 0 | CU37: 2205 | CW37: 0 | CY37: =ROUND(SUM('P&L Class_ALL'!CQ37:'P&L Class_ALL'!CW37),5) -> 9259.55 | DA37: 0 | DC37: 0 | DE37: 0 | DG37: 0 | DI37: 0 | DK37: 0 | DM37: 0 | DO37: 0 | DQ37: 0 | DS37: =ROUND(SUM('P&L Class_ALL'!DG37:'P&L Class_ALL'!DQ37),5) -> 0 | DU37: 3084.3 | DW37: 0 | DY37: =ROUND(SUM('P&L Class_ALL'!DU37:'P&L Class_ALL'!DW37),5) -> 3084.3 | EA37: 0 | EC37: 0 | EE37: 99777.9 | EG37: 0 | EI37: 0 | EK37: =ROUND('P&L Class_ALL'!E37+SUM('P&L Class_ALL'!R37:'P&L Class_ALL'!X37)+SUM('P&L Class_ALL'!AG37:'P&L Class_ALL'!AY37)+SUM('P&L Class_ALL'!BE37:'P&L Class_ALL'!BG37)+'P&L Class_ALL'!CG37+'P&L Class_ALL'!CO37+SUM('P&L Class_ALL'!CY37:'P&L Class_ALL'!DE37)+'P&L Class_ALL'!DS37+SUM('P&L Class_ALL'!DY37:'P&L Class_ALL'!EI37),5) -> 170454.55
C38: 6-1800 · Insurance | E38: 0 | G38: 0 | H38: 0 | J38: 0 | L38: 0 | N38: 0 | P38: 0 | R38: =ROUND(SUM('P&L Class_ALL'!H38:'P&L Class_ALL'!P38),5) -> 0 | T38: 0 | V38: 0 | X38: 0 | Z38: 0 | AA38: 0 | AC38: 0 | AE38: 0 | AG38: =ROUND(SUM('P&L Class_ALL'!Z38:'P&L Class_ALL'!AA38),5) -> 0 | AI38: 0 | AK38: 0 | AM38: 0 | AO38: 0 | AQ38: 0 | AS38: 0 | AU38: 0 | AW38: 0 | AY38: 0 | BA38: 0 | BC38: 0 | BE38: =ROUND(SUM('P&L Class_ALL'!BA38:'P&L Class_ALL'!BC38),5) -> 0 | BG38: 0 | BI38: 0 | BK38: 0 | BM38: 0 | BO38: 0 | BQ38: 0 | BS38: 0 | BU38: 0 | BW38: 0 | BY38: 0 | CA38: 0 | CC38: 0 | CE38: 0 | CG38: =ROUND(SUM('P&L Class_ALL'!BI38:'P&L Class_ALL'!CE38),5) -> 0 | CI38: 0 | CK38: 0 | CM38: 0 | CO38: =ROUND(SUM('P&L Class_ALL'!CI38:'P&L Class_ALL'!CM38),5) -> 0 | CQ38: 0 | CS38: 0 | CU38: 0 | CW38: 0 | CY38: =ROUND(SUM('P&L Class_ALL'!CQ38:'P&L Class_ALL'!CW38),5) -> 0 | DA38: 0 | DC38: 0 | DE38: 3768.72 | DG38: 0 | DI38: 0 | DK38: 0 | DM38: 0 | DO38: 0 | DQ38: 0 | DS38: =ROUND(SUM('P&L Class_ALL'!DG38:'P&L Class_ALL'!DQ38),5) -> 0 | DU38: 0 | DW38: 0 | DY38: =ROUND(SUM('P&L Class_ALL'!DU38:'P&L Class_ALL'!DW38),5) -> 0 | EA38: 0 | EC38: 0 | EE38: 0 | EG38: 0 | EI38: 0 | EK38: =ROUND('P&L Class_ALL'!E38+SUM('P&L Class_ALL'!R38:'P&L Class_ALL'!X38)+SUM('P&L Class_ALL'!AG38:'P&L Class_ALL'!AY38)+SUM('P&L Class_ALL'!BE38:'P&L Class_ALL'!BG38)+'P&L Class_ALL'!CG38+'P&L Class_ALL'!CO38+SUM('P&L Class_ALL'!CY38:'P&L Class_ALL'!DE38)+'P&L Class_ALL'!DS38+SUM('P&L Class_ALL'!DY38:'P&L Class_ALL'!EI38),5) -> 3768.72
B39: Total Expense | E39: =ROUND(SUM('P&L Class_ALL'!E17:'P&L Class_ALL'!E23)+SUM('P&L Class_ALL'!E30:'P&L Class_ALL'!E38),5) -> 320.67 | G39: =ROUND(SUM('P&L Class_ALL'!G17:'P&L Class_ALL'!G23)+SUM('P&L Class_ALL'!G30:'P&L Class_ALL'!G38),5) -> 142.73 | H39: =ROUND(SUM('P&L Class_ALL'!H17:'P&L Class_ALL'!H23)+SUM('P&L Class_ALL'!H30:'P&L Class_ALL'!H38),5) -> 2099.66 | J39: =ROUND(SUM('P&L Class_ALL'!J17:'P&L Class_ALL'!J23)+SUM('P&L Class_ALL'!J30:'P&L Class_ALL'!J38),5) -> 1367.06 | L39: =ROUND(SUM('P&L Class_ALL'!L17:'P&L Class_ALL'!L23)+SUM('P&L Class_ALL'!L30:'P&L Class_ALL'!L38),5) -> 1157 | N39: =ROUND(SUM('P&L Class_ALL'!N17:'P&L Class_ALL'!N23)+SUM('P&L Class_ALL'!N30:'P&L Class_ALL'!N38),5) -> 2213.58 | P39: =ROUND(SUM('P&L Class_ALL'!P17:'P&L Class_ALL'!P23)+SUM('P&L Class_ALL'!P30:'P&L Class_ALL'!P38),5) -> 1843.15 | R39: =ROUND(SUM('P&L Class_ALL'!H39:'P&L Class_ALL'!P39),5) -> 8680.45 | T39: =ROUND(SUM('P&L Class_ALL'!T17:'P&L Class_ALL'!T23)+SUM('P&L Class_ALL'!T30:'P&L Class_ALL'!T38),5) -> 87.7 | V39: =ROUND(SUM('P&L Class_ALL'!V17:'P&L Class_ALL'!V23)+SUM('P&L Class_ALL'!V30:'P&L Class_ALL'!V38),5) -> 8177.62 | X39: =ROUND(SUM('P&L Class_ALL'!X17:'P&L Class_ALL'!X23)+SUM('P&L Class_ALL'!X30:'P&L Class_ALL'!X38),5) -> 241 | Z39: =ROUND(SUM('P&L Class_ALL'!Z17:'P&L Class_ALL'!Z23)+SUM('P&L Class_ALL'!Z30:'P&L Class_ALL'!Z38),5) -> 693.5 | AA39: =ROUND(SUM('P&L Class_ALL'!AA17:'P&L Class_ALL'!AA23)+SUM('P&L Class_ALL'!AA30:'P&L Class_ALL'!AA38),5) -> 9699.39 | AC39: =ROUND(SUM('P&L Class_ALL'!AC17:'P&L Class_ALL'!AC23)+SUM('P&L Class_ALL'!AC30:'P&L Class_ALL'!AC38),5) -> 5344.4 | AE39: =ROUND(SUM('P&L Class_ALL'!AE17:'P&L Class_ALL'!AE23)+SUM('P&L Class_ALL'!AE30:'P&L Class_ALL'!AE38),5) -> 7428.71 | AG39: =ROUND(SUM('P&L Class_ALL'!Z39:'P&L Class_ALL'!AA39),5) -> 10392.89 | AI39: =ROUND(SUM('P&L Class_ALL'!AI17:'P&L Class_ALL'!AI23)+SUM('P&L Class_ALL'!AI30:'P&L Class_ALL'!AI38),5) -> 40265.79 | AK39: =ROUND(SUM('P&L Class_ALL'!AK17:'P&L Class_ALL'!AK23)+SUM('P&L Class_ALL'!AK30:'P&L Class_ALL'!AK38),5) -> 19650.57 | AM39: =ROUND(SUM('P&L Class_ALL'!AM17:'P&L Class_ALL'!AM23)+SUM('P&L Class_ALL'!AM30:'P&L Class_ALL'!AM38),5) -> 18521.67 | AO39: =ROUND(SUM('P&L Class_ALL'!AO17:'P&L Class_ALL'!AO23)+SUM('P&L Class_ALL'!AO30:'P&L Class_ALL'!AO38),5) -> 5644.4 | AQ39: =ROUND(SUM('P&L Class_ALL'!AQ17:'P&L Class_ALL'!AQ23)+SUM('P&L Class_ALL'!AQ30:'P&L Class_ALL'!AQ38),5) -> 4035.05 | AS39: =ROUND(SUM('P&L Class_ALL'!AS17:'P&L Class_ALL'!AS23)+SUM('P&L Class_ALL'!AS30:'P&L Class_ALL'!AS38),5) -> 9058.23 | AU39: =ROUND(SUM('P&L Class_ALL'!AU17:'P&L Class_ALL'!AU23)+SUM('P&L Class_ALL'!AU30:'P&L Class_ALL'!AU38),5) -> 0 | AW39: =ROUND(SUM('P&L Class_ALL'!AW17:'P&L Class_ALL'!AW23)+SUM('P&L Class_ALL'!AW30:'P&L Class_ALL'!AW38),5) -> 23618.25 | AY39: =ROUND(SUM('P&L Class_ALL'!AY17:'P&L Class_ALL'!AY23)+SUM('P&L Class_ALL'!AY30:'P&L Class_ALL'!AY38),5) -> 140777.68 | BA39: =ROUND(SUM('P&L Class_ALL'!BA17:'P&L Class_ALL'!BA23)+SUM('P&L Class_ALL'!BA30:'P&L Class_ALL'!BA38),5) -> 174.8 | BC39: =ROUND(SUM('P&L Class_ALL'!BC17:'P&L Class_ALL'!BC23)+SUM('P&L Class_ALL'!BC30:'P&L Class_ALL'!BC38),5) -> 17631.1 | BE39: =ROUND(SUM('P&L Class_ALL'!BA39:'P&L Class_ALL'!BC39),5) -> 17805.9 | BG39: =ROUND(SUM('P&L Class_ALL'!BG17:'P&L Class_ALL'!BG23)+SUM('P&L Class_ALL'!BG30:'P&L Class_ALL'!BG38),5) -> 4985.96 | BI39: =ROUND(SUM('P&L Class_ALL'!BI17:'P&L Class_ALL'!BI23)+SUM('P&L Class_ALL'!BI30:'P&L Class_ALL'!BI38),5) -> 7879.13 | BK39: =ROUND(SUM('P&L Class_ALL'!BK17:'P&L Class_ALL'!BK23)+SUM('P&L Class_ALL'!BK30:'P&L Class_ALL'!BK38),5) -> 1663.2 | BM39: =ROUND(SUM('P&L Class_ALL'!BM17:'P&L Class_ALL'!BM23)+SUM('P&L Class_ALL'!BM30:'P&L Class_ALL'!BM38),5) -> 1447.93 | BO39: =ROUND(SUM('P&L Class_ALL'!BO17:'P&L Class_ALL'!BO23)+SUM('P&L Class_ALL'!BO30:'P&L Class_ALL'!BO38),5) -> 1434.49 | BQ39: =ROUND(SUM('P&L Class_ALL'!BQ17:'P&L Class_ALL'!BQ23)+SUM('P&L Class_ALL'!BQ30:'P&L Class_ALL'!BQ38),5) -> 1459.6 | BS39: =ROUND(SUM('P&L Class_ALL'!BS17:'P&L Class_ALL'!BS23)+SUM('P&L Class_ALL'!BS30:'P&L Class_ALL'!BS38),5) -> 11436.75 | BU39: =ROUND(SUM('P&L Class_ALL'!BU17:'P&L Class_ALL'!BU23)+SUM('P&L Class_ALL'!BU30:'P&L Class_ALL'!BU38),5) -> 3410.16 | BW39: =ROUND(SUM('P&L Class_ALL'!BW17:'P&L Class_ALL'!BW23)+SUM('P&L Class_ALL'!BW30:'P&L Class_ALL'!BW38),5) -> 13682.15 | BY39: =ROUND(SUM('P&L Class_ALL'!BY17:'P&L Class_ALL'!BY23)+SUM('P&L Class_ALL'!BY30:'P&L Class_ALL'!BY38),5) -> 225 | CA39: =ROUND(SUM('P&L Class_ALL'!CA17:'P&L Class_ALL'!CA23)+SUM('P&L Class_ALL'!CA30:'P&L Class_ALL'!CA38),5) -> 1000 | CC39: =ROUND(SUM('P&L Class_ALL'!CC17:'P&L Class_ALL'!CC23)+SUM('P&L Class_ALL'!CC30:'P&L Class_ALL'!CC38),5) -> 439.05 | CE39: =ROUND(SUM('P&L Class_ALL'!CE17:'P&L Class_ALL'!CE23)+SUM('P&L Class_ALL'!CE30:'P&L Class_ALL'!CE38),5) -> 1708.18 | CG39: =ROUND(SUM('P&L Class_ALL'!BI39:'P&L Class_ALL'!CE39),5) -> 45785.64 | CI39: =ROUND(SUM('P&L Class_ALL'!CI17:'P&L Class_ALL'!CI23)+SUM('P&L Class_ALL'!CI30:'P&L Class_ALL'!CI38),5) -> 17533.09 | CK39: =ROUND(SUM('P&L Class_ALL'!CK17:'P&L Class_ALL'!CK23)+SUM('P&L Class_ALL'!CK30:'P&L Class_ALL'!CK38),5) -> 13457.72 | CM39: =ROUND(SUM('P&L Class_ALL'!CM17:'P&L Class_ALL'!CM23)+SUM('P&L Class_ALL'!CM30:'P&L Class_ALL'!CM38),5) -> 742.9 | CO39: =ROUND(SUM('P&L Class_ALL'!CI39:'P&L Class_ALL'!CM39),5) -> 31733.71 | CQ39: =ROUND(SUM('P&L Class_ALL'!CQ17:'P&L Class_ALL'!CQ23)+SUM('P&L Class_ALL'!CQ30:'P&L Class_ALL'!CQ38),5) -> 65966.6 | CS39: =ROUND(SUM('P&L Class_ALL'!CS17:'P&L Class_ALL'!CS23)+SUM('P&L Class_ALL'!CS30:'P&L Class_ALL'!CS38),5) -> 300 | CU39: =ROUND(SUM('P&L Class_ALL'!CU17:'P&L Class_ALL'!CU23)+SUM('P&L Class_ALL'!CU30:'P&L Class_ALL'!CU38),5) -> 4698.18 | CW39: =ROUND(SUM('P&L Class_ALL'!CW17:'P&L Class_ALL'!CW23)+SUM('P&L Class_ALL'!CW30:'P&L Class_ALL'!CW38),5) -> 0 | CY39: =ROUND(SUM('P&L Class_ALL'!CQ39:'P&L Class_ALL'!CW39),5) -> 70964.78 | DA39: =ROUND(SUM('P&L Class_ALL'!DA17:'P&L Class_ALL'!DA23)+SUM('P&L Class_ALL'!DA30:'P&L Class_ALL'!DA38),5) -> 14550 | DC39: =ROUND(SUM('P&L Class_ALL'!DC17:'P&L Class_ALL'!DC23)+SUM('P&L Class_ALL'!DC30:'P&L Class_ALL'!DC38),5) -> 58.25 | DE39: =ROUND(SUM('P&L Class_ALL'!DE17:'P&L Class_ALL'!DE23)+SUM('P&L Class_ALL'!DE30:'P&L Class_ALL'!DE38),5) -> 14704.72 | DG39: =ROUND(SUM('P&L Class_ALL'!DG17:'P&L Class_ALL'!DG23)+SUM('P&L Class_ALL'!DG30:'P&L Class_ALL'!DG38),5) -> 0 | DI39: =ROUND(SUM('P&L Class_ALL'!DI17:'P&L Class_ALL'!DI23)+SUM('P&L Class_ALL'!DI30:'P&L Class_ALL'!DI38),5) -> 136.36 | DK39: =ROUND(SUM('P&L Class_ALL'!DK17:'P&L Class_ALL'!DK23)+SUM('P&L Class_ALL'!DK30:'P&L Class_ALL'!DK38),5) -> 0 | DM39: =ROUND(SUM('P&L Class_ALL'!DM17:'P&L Class_ALL'!DM23)+SUM('P&L Class_ALL'!DM30:'P&L Class_ALL'!DM38),5) -> 0 | DO39: =ROUND(SUM('P&L Class_ALL'!DO17:'P&L Class_ALL'!DO23)+SUM('P&L Class_ALL'!DO30:'P&L Class_ALL'!DO38),5) -> 298.22 | DQ39: =ROUND(SUM('P&L Class_ALL'!DQ17:'P&L Class_ALL'!DQ23)+SUM('P&L Class_ALL'!DQ30:'P&L Class_ALL'!DQ38),5) -> 50 | DS39: =ROUND(SUM('P&L Class_ALL'!DG39:'P&L Class_ALL'!DQ39),5) -> 484.58 | DU39: =ROUND(SUM('P&L Class_ALL'!DU17:'P&L Class_ALL'!DU23)+SUM('P&L Class_ALL'!DU30:'P&L Class_ALL'!DU38),5) -> 15768.18 | DW39: =ROUND(SUM('P&L Class_ALL'!DW17:'P&L Class_ALL'!DW23)+SUM('P&L Class_ALL'!DW30:'P&L Class_ALL'!DW38),5) -> 3591.76 | DY39: =ROUND(SUM('P&L Class_ALL'!DU39:'P&L Class_ALL'!DW39),5) -> 19359.94 | EA39: =ROUND(SUM('P&L Class_ALL'!EA17:'P&L Class_ALL'!EA23)+SUM('P&L Class_ALL'!EA30:'P&L Class_ALL'!EA38),5) -> 15739.79 | EC39: =ROUND(SUM('P&L Class_ALL'!EC17:'P&L Class_ALL'!EC23)+SUM('P&L Class_ALL'!EC30:'P&L Class_ALL'!EC38),5) -> 0 | EE39: =ROUND(SUM('P&L Class_ALL'!EE17:'P&L Class_ALL'!EE23)+SUM('P&L Class_ALL'!EE30:'P&L Class_ALL'!EE38),5) -> 147309.05 | EG39: =ROUND(SUM('P&L Class_ALL'!EG17:'P&L Class_ALL'!EG23)+SUM('P&L Class_ALL'!EG30:'P&L Class_ALL'!EG38),5) -> 432.73 | EI39: =ROUND(SUM('P&L Class_ALL'!EI17:'P&L Class_ALL'!EI23)+SUM('P&L Class_ALL'!EI30:'P&L Class_ALL'!EI38),5) -> 0 | EK39: =ROUND('P&L Class_ALL'!E39+SUM('P&L Class_ALL'!R39:'P&L Class_ALL'!X39)+SUM('P&L Class_ALL'!AG39:'P&L Class_ALL'!AY39)+SUM('P&L Class_ALL'!BE39:'P&L Class_ALL'!BG39)+'P&L Class_ALL'!CG39+'P&L Class_ALL'!CO39+SUM('P&L Class_ALL'!CY39:'P&L Class_ALL'!DE39)+'P&L Class_ALL'!DS39+SUM('P&L Class_ALL'!DY39:'P&L Class_ALL'!EI39),5) -> 673387.02
A40: Net Income | E40: =ROUND('P&L Class_ALL'!E16-'P&L Class_ALL'!E39,5) -> -320.67 | G40: =ROUND('P&L Class_ALL'!G16-'P&L Class_ALL'!G39,5) -> -142.73 | H40: =ROUND('P&L Class_ALL'!H16-'P&L Class_ALL'!H39,5) -> -2099.66 | J40: =ROUND('P&L Class_ALL'!J16-'P&L Class_ALL'!J39,5) -> -1367.06 | L40: =ROUND('P&L Class_ALL'!L16-'P&L Class_ALL'!L39,5) -> -1157 | N40: =ROUND('P&L Class_ALL'!N16-'P&L Class_ALL'!N39,5) -> -2213.58 | P40: =ROUND('P&L Class_ALL'!P16-'P&L Class_ALL'!P39,5) -> -1843.15 | R40: =ROUND(SUM('P&L Class_ALL'!H40:'P&L Class_ALL'!P40),5) -> -8680.45 | T40: =ROUND('P&L Class_ALL'!T16-'P&L Class_ALL'!T39,5) -> -87.7 | V40: =ROUND('P&L Class_ALL'!V16-'P&L Class_ALL'!V39,5) -> 1822.38 | X40: =ROUND('P&L Class_ALL'!X16-'P&L Class_ALL'!X39,5) -> -241 | Z40: =ROUND('P&L Class_ALL'!Z16-'P&L Class_ALL'!Z39,5) -> -693.5 | AA40: =ROUND('P&L Class_ALL'!AA16-'P&L Class_ALL'!AA39,5) -> -6699.39 | AC40: =ROUND('P&L Class_ALL'!AC16-'P&L Class_ALL'!AC39,5) -> -5344.4 | AE40: =ROUND('P&L Class_ALL'!AE16-'P&L Class_ALL'!AE39,5) -> -555.75 | AG40: =ROUND(SUM('P&L Class_ALL'!Z40:'P&L Class_ALL'!AA40),5) -> -7392.89 | AI40: =ROUND('P&L Class_ALL'!AI16-'P&L Class_ALL'!AI39,5) -> -4840.79 | AK40: =ROUND('P&L Class_ALL'!AK16-'P&L Class_ALL'!AK39,5) -> -12040.57 | AM40: =ROUND('P&L Class_ALL'!AM16-'P&L Class_ALL'!AM39,5) -> -221.67 | AO40: =ROUND('P&L Class_ALL'!AO16-'P&L Class_ALL'!AO39,5) -> -5644.4 | AQ40: =ROUND('P&L Class_ALL'!AQ16-'P&L Class_ALL'!AQ39,5) -> -4035.05 | AS40: =ROUND('P&L Class_ALL'!AS16-'P&L Class_ALL'!AS39,5) -> 2231.77 | AU40: =ROUND('P&L Class_ALL'!AU16-'P&L Class_ALL'!AU39,5) -> 7059.41 | AW40: =ROUND('P&L Class_ALL'!AW16-'P&L Class_ALL'!AW39,5) -> -4827.34 | AY40: =ROUND('P&L Class_ALL'!AY16-'P&L Class_ALL'!AY39,5) -> 43331.32 | BA40: =ROUND('P&L Class_ALL'!BA16-'P&L Class_ALL'!BA39,5) -> -174.8 | BC40: =ROUND('P&L Class_ALL'!BC16-'P&L Class_ALL'!BC39,5) -> 1732.54 | BE40: =ROUND(SUM('P&L Class_ALL'!BA40:'P&L Class_ALL'!BC40),5) -> 1557.74 | BG40: =ROUND('P&L Class_ALL'!BG16-'P&L Class_ALL'!BG39,5) -> 14.04 | BI40: =ROUND('P&L Class_ALL'!BI16-'P&L Class_ALL'!BI39,5) -> -2879.13 | BK40: =ROUND('P&L Class_ALL'!BK16-'P&L Class_ALL'!BK39,5) -> -382.2 | BM40: =ROUND('P&L Class_ALL'!BM16-'P&L Class_ALL'!BM39,5) -> -1447.93 | BO40: =ROUND('P&L Class_ALL'!BO16-'P&L Class_ALL'!BO39,5) -> -1434.49 | BQ40: =ROUND('P&L Class_ALL'!BQ16-'P&L Class_ALL'!BQ39,5) -> -959.6 | BS40: =ROUND('P&L Class_ALL'!BS16-'P&L Class_ALL'!BS39,5) -> -11436.75 | BU40: =ROUND('P&L Class_ALL'!BU16-'P&L Class_ALL'!BU39,5) -> -3410.16 | BW40: =ROUND('P&L Class_ALL'!BW16-'P&L Class_ALL'!BW39,5) -> -10354.88 | BY40: =ROUND('P&L Class_ALL'!BY16-'P&L Class_ALL'!BY39,5) -> -225 | CA40: =ROUND('P&L Class_ALL'!CA16-'P&L Class_ALL'!CA39,5) -> -1000 | CC40: =ROUND('P&L Class_ALL'!CC16-'P&L Class_ALL'!CC39,5) -> -439.05 | CE40: =ROUND('P&L Class_ALL'!CE16-'P&L Class_ALL'!CE39,5) -> -1708.18 | CG40: =ROUND(SUM('P&L Class_ALL'!BI40:'P&L Class_ALL'!CE40),5) -> -35677.37 | CI40: =ROUND('P&L Class_ALL'!CI16-'P&L Class_ALL'!CI39,5) -> 1151.27 | CK40: =ROUND('P&L Class_ALL'!CK16-'P&L Class_ALL'!CK39,5) -> 2341.88 | CM40: =ROUND('P&L Class_ALL'!CM16-'P&L Class_ALL'!CM39,5) -> -742.9 | CO40: =ROUND(SUM('P&L Class_ALL'!CI40:'P&L Class_ALL'!CM40),5) -> 2750.25 | CQ40: =ROUND('P&L Class_ALL'!CQ16-'P&L Class_ALL'!CQ39,5) -> 16370.3 | CS40: =ROUND('P&L Class_ALL'!CS16-'P&L Class_ALL'!CS39,5) -> 5700 | CU40: =ROUND('P&L Class_ALL'!CU16-'P&L Class_ALL'!CU39,5) -> 8223.18 | CW40: =ROUND('P&L Class_ALL'!CW16-'P&L Class_ALL'!CW39,5) -> 105 | CY40: =ROUND(SUM('P&L Class_ALL'!CQ40:'P&L Class_ALL'!CW40),5) -> 30398.48 | DA40: =ROUND('P&L Class_ALL'!DA16-'P&L Class_ALL'!DA39,5) -> 2150 | DC40: =ROUND('P&L Class_ALL'!DC16-'P&L Class_ALL'!DC39,5) -> -58.25 | DE40: =ROUND('P&L Class_ALL'!DE16-'P&L Class_ALL'!DE39,5) -> -14704.72 | DG40: =ROUND('P&L Class_ALL'!DG16-'P&L Class_ALL'!DG39,5) -> 17138.18 | DI40: =ROUND('P&L Class_ALL'!DI16-'P&L Class_ALL'!DI39,5) -> 21663.64 | DK40: =ROUND('P&L Class_ALL'!DK16-'P&L Class_ALL'!DK39,5) -> 18825.45 | DM40: =ROUND('P&L Class_ALL'!DM16-'P&L Class_ALL'!DM39,5) -> 18178.18 | DO40: =ROUND('P&L Class_ALL'!DO16-'P&L Class_ALL'!DO39,5) -> 16658.14 | DQ40: =ROUND('P&L Class_ALL'!DQ16-'P&L Class_ALL'!DQ39,5) -> -50 | DS40: =ROUND(SUM('P&L Class_ALL'!DG40:'P&L Class_ALL'!DQ40),5) -> 92413.59 | DU40: =ROUND('P&L Class_ALL'!DU16-'P&L Class_ALL'!DU39,5) -> -6201.28 | DW40: =ROUND('P&L Class_ALL'!DW16-'P&L Class_ALL'!DW39,5) -> -3509.94 | DY40: =ROUND(SUM('P&L Class_ALL'!DU40:'P&L Class_ALL'!DW40),5) -> -9711.22 | EA40: =ROUND('P&L Class_ALL'!EA16-'P&L Class_ALL'!EA39,5) -> -15739.79 | EC40: =ROUND('P&L Class_ALL'!EC16-'P&L Class_ALL'!EC39,5) -> 200 | EE40: =ROUND('P&L Class_ALL'!EE16-'P&L Class_ALL'!EE39,5) -> 58409.75 | EG40: =ROUND('P&L Class_ALL'!EG16-'P&L Class_ALL'!EG39,5) -> 41476.36 | EI40: =ROUND('P&L Class_ALL'!EI16-'P&L Class_ALL'!EI39,5) -> 318.18 | EK40: =ROUND('P&L Class_ALL'!E40+SUM('P&L Class_ALL'!R40:'P&L Class_ALL'!X40)+SUM('P&L Class_ALL'!AG40:'P&L Class_ALL'!AY40)+SUM('P&L Class_ALL'!BE40:'P&L Class_ALL'!BG40)+'P&L Class_ALL'!CG40+'P&L Class_ALL'!CO40+SUM('P&L Class_ALL'!CY40:'P&L Class_ALL'!DE40)+'P&L Class_ALL'!DS40+SUM('P&L Class_ALL'!DY40:'P&L Class_ALL'!EI40),5) -> 159909.39

Sheet Trial Balance_FY
C1: Nov 3, 14
C2: Debit | E2: Credit
B3: Action on Ground Project | C3: 32296.25
B4: Monaro Farming System-FarmReady | C4: 0
B5: Monaro Farming Systems Inc | C5: 40721.12
B6: NAB Business Cash Maximiser | C6: 12394.79
B7: NAB TERM DEPOSIT | C7: 85664.62
B8: 11000 · Accounts Receivable | C8: 0
B9: 12000 · Undeposited Funds | C9: 0
B10: Computer | C10: 1375.63
B11: Electronic Equipment | C11: 1554.55
B12: 20000 · Accounts Payable | C12: 0
B13: 25500 · GST Payable | E13: 1773.75
B14: 30000 · Opening Bal Equity | E14: 18366.7
B15: 32000 · Retained Earnings | E15: 148566.12
B16: Membership | E16: 700
B17: Other Industry Grants | E17: 50310
B18: Sponsorship | E18: 1000
B19: 4-0200 · Bank Intrest | E19: 707.97
B20: 4-0400 · Reimbursed Expenses | E20: 1281
B21: Advertising | C21: 693.5
B22: Catering | C22: 2714.4
B23: Charitable Donation | C23: 1000
B24: Contract Work | C24: 15262.74
B25: Materials / Capital Items | C25: 1256.33
B26: Office Operating Costs:Internet | C26: 290.92
B27: Office Operating Costs:Postage | C27: 282.14
B28: Office Operating Costs:Stationery | C28: 156.04
B29: Sundry | C29: 65.18
B30: Training | C30: 1452
B31: Travel, Accommodation & Meals | C31: 3897.33
B32: wages | C32: 19716.05
B33: 6-1800 · Insurance | C33: 1911.95
A34: TOTAL | C34: =ROUND(SUM('Trial Balance_FY'!C3:'Trial Balance_FY'!C33),5) -> 222705.54 | E34: =ROUND(SUM('Trial Balance_FY'!E3:'Trial Balance_FY'!E33),5) -> 222705.54

Sheet Balance Sheet_FY
E1: Nov 3, 14
A2: ASSETS
B3: Current Assets
C4: Chequing/Savings
D5: Action on Ground Project | E5: 32296.25
D6: Monaro Farming Systems Inc | E6: 40721.12
D7: NAB Business Cash Maximiser | E7: 12394.79
D8: NAB TERM DEPOSIT | E8: 85664.62
C9: Total Chequing/Savings | E9: =ROUND(SUM('Balance Sheet_FY'!E4:'Balance Sheet_FY'!E8),5) -> 171076.78
B10: Total Current Assets | E10: =ROUND('Balance Sheet_FY'!E3+'Balance Sheet_FY'!E9,5) -> 171076.78
B11: Fixed Assets
C12: Computer | E12: 1375.63
C13: Electronic Equipment | E13: 1554.55
B14: Total Fixed Assets | E14: =ROUND(SUM('Balance Sheet_FY'!E11:'Balance Sheet_FY'!E13),5) -> 2930.18
A15: TOTAL ASSETS | E15: =ROUND('Balance Sheet_FY'!E2+'Balance Sheet_FY'!E10+'Balance Sheet_FY'!E14,5) -> 174006.96
A16: LIABILITIES
B17: Current Liabilities
C18: Other Current Liabilities
D19: 25500 · GST Payable | E19: 1773.75
C20: Total Other Current Liabilities | E20: =ROUND(SUM('Balance Sheet_FY'!E18:'Balance Sheet_FY'!E19),5) -> 1773.75
B21: Total Current Liabilities | E21: =ROUND('Balance Sheet_FY'!E17+'Balance Sheet_FY'!E20,5) -> 1773.75
A22: TOTAL LIABILITIES | E22: =ROUND('Balance Sheet_FY'!E16+'Balance Sheet_FY'!E21,5) -> 1773.75
A23: NET ASSETS | E23: =ROUND('Balance Sheet_FY'!E15-'Balance Sheet_FY'!E22,5) -> 172233.21
A24: EQUITY
B25: 30000 · Opening Bal Equity | E25: 18366.7
B26: 32000 · Retained Earnings | E26: 148566.12
C27: Net Income | E27: 5300.39
A28: TOTAL EQUITY | E28: =ROUND(SUM('Balance Sheet_FY'!E24:'Balance Sheet_FY'!E27),5) -> 172233.21

Sheet MFS Current Bank
D2: MFS Operating Account 2014 - Bank Balances as of 3rd Nov 2014
D4: MFS Main Operating Acct | E4: 44081
D5: MFS Cash Maximiser Acct | E5: 12445
D6: MFS Term Deposit | E6: 85665
D7: total | E7: =SUM(E4:E6) -> 142191
D9: AoG Project | E9: 32296
D12: Project Funds (incl coordination) | E12: 45000
D13: MFS Operational Surplas | E13: 97191
D16: Outstanding Invoices | E16: 4070 | G16: MLA - PDS Fertiliser Project - final payment on acceptance of Final Report
G17: **FR sent to Gerald Martin 1st Sept 2014 with all updates and revsions made

Sheet Sheet2

Sheet Sheet3
